Workbook
Name Area_of_Concern___Patient_Rights: '[1]Summary and Table of Content'!$C$5

Sheet Department Wise
C1: Customized Checklist for Male District Hospital | G1: Version 03 DMH/02/19
C3: Hospital Quality Score Card Department wise
C4: Accident & Emergency | D4: OPD | E4: Labour Room | F4: Maternity Ward | G4: Indoor Department
C5: ='Emergency '!D726 -> 1 | D5: =OPD!D775 -> 1 | E5: NA | F5: NA | G5: =IPD!D656 -> 1
C6: NRC | D6: Pediaterics Ward | E6: HOSPITAL SCORE | F6: SNCU | G6: ICU
C7: ='NRC '!D696 -> 1 | D7: ='Ped Ward'!D678 -> 1 | F7: NA | G7: NA
C8: Operation Theatre | D8: Post Partum Unit | E8: =('Emergency '!B726+OPD!B775+'NRC '!B696+OT!B711+IPD!B656+'Blood Bank'!B642+Lab!B657+'Radiology '!B616+Pharmacy!B603+'Auxillary services'!B635+Admin!B878)/('Emergency '!C726+OPD!C775+'NRC '!C696+OT!C711+IPD!C656+'Blood Bank'!C642+Lab!C657+'Radiology '!C616+Pharmacy!C603+'Auxillary services'!C635+Admin!C878) -> 1 | F8: Blood Bank | G8: Laboratory
C9: =OT!D711 -> 1 | D9: NA | F9: ='Blood Bank'!D642 -> 1 | G9: =Lab!D657 -> 1
C10: Radiology | D10: Pharmacy | E10: Auxiliary Services | F10: Mortuary | G10: General Administration
C11: ='Radiology '!D616 -> 1 | D11: =Pharmacy!D603 -> 1 | E11: ='Auxillary services'!D635 -> 1 | F11: ='Mortuary '!D576 -> 1 | G11: =Admin!D878 -> 1
C17: =UPPER("Hospital Quality Score CardArea of Concern wise") -> HOSPITAL QUALITY SCORE CARDAREA OF CONCERN WISE
C18: Service Provision | D18: Patient Rights | E18: Inputs | F18: Support Services
C19: =('Emergency '!B718+OPD!B767+'NRC '!B688+OT!B703+IPD!B648+'Blood Bank'!B634+Lab!B649+'Radiology '!B608+Pharmacy!B595+'Auxillary services'!B627+Admin!B870+'Ped Ward'!B670+'Mortuary '!B568)/('Emergency '!C718+OPD!C767+'NRC '!C688+OT!C703+IPD!C648+'Blood Bank'!C634+Lab!C649+'Radiology '!C608+Pharmacy!C595+'Auxillary services'!C627+'Ped Ward'!C670+'Mortuary '!C568+Admin!C870) -> 1 | D19: =('Emergency '!B719+OPD!B768+'NRC '!B689+OT!B704+IPD!B649+'Blood Bank'!B635+Lab!B650+'Radiology '!B609+Pharmacy!B596+'Auxillary services'!B628+Admin!B871+'Ped Ward'!B671+'Mortuary '!B569)/('Emergency '!C719+OPD!C768+'NRC '!C689+OT!C704+IPD!C649+'Blood Bank'!C635+Lab!C650+'Radiology '!C609+Pharmacy!C596+'Auxillary services'!C628+Admin!C871+'Ped Ward'!C671+'Mortuary '!C569) -> 1 | E19: =('Emergency '!B720+OPD!B769+'NRC '!B690+OT!B705+IPD!B650+'Blood Bank'!B636+Lab!B651+'Radiology '!B610+Pharmacy!B597+'Auxillary services'!B629+Admin!B872+'Ped Ward'!B672+'Mortuary '!B570)/('Emergency '!C720+OPD!C769+'NRC '!C690+OT!C705+IPD!C650+'Blood Bank'!C636+Lab!C651+'Radiology '!C610+Pharmacy!C597+'Auxillary services'!C629+Admin!C872+'Mortuary '!C570+'Ped Ward'!C672) -> 1 | F19: =('Emergency '!B721+OPD!B770+'NRC '!B691+OT!B706+IPD!B651+'Blood Bank'!B637+Lab!B652+'Radiology '!B611+Pharmacy!B598+'Auxillary services'!B630+Admin!B873+'Ped Ward'!B673+'Mortuary '!B571)/('Emergency '!C721+OPD!C770+'NRC '!C691+OT!C706+IPD!C651+'Blood Bank'!C637+Lab!C652+'Radiology '!C611+Pharmacy!C598+'Auxillary services'!C630+Admin!C873+'Ped Ward'!C673+'Mortuary '!C571) -> 1
C20: HOSPITAL SCORE
C21: =('Emergency '!B726+OPD!B775+'NRC '!B696+OT!B711+IPD!B656+'Blood Bank'!B642+Lab!B657+'Radiology '!B616+Pharmacy!B603+'Auxillary services'!B635+Admin!B878+'Ped Ward'!B678+'Mortuary '!B576)/('Emergency '!C726+OPD!C775+'NRC '!C696+OT!C711+IPD!C656+'Blood Bank'!C642+Lab!C657+'Radiology '!C616+Pharmacy!C603+'Auxillary services'!C635+Admin!C878+'Mortuary '!C576+'Ped Ward'!C678) -> 1
C22: Clinical Services | D22: Infection Control | E22: Quality Management | F22: Outcome
C23: =('Emergency '!B722+OPD!B771+'NRC '!B692+OT!B707+IPD!B652+'Blood Bank'!B638+Lab!B653+'Radiology '!B612+Pharmacy!B599+'Auxillary services'!B631+Admin!B874+'Ped Ward'!B674+'Mortuary '!B572)/('Emergency '!C722+OPD!C771+'NRC '!C692+OT!C707+IPD!C652+'Blood Bank'!C638+Lab!C653+'Radiology '!C612+Pharmacy!C599+'Auxillary services'!C631+Admin!C874+'Mortuary '!C572+'Ped Ward'!C674) -> 1 | D23: =('Emergency '!B723+OPD!B772+'NRC '!B693+OT!B708+IPD!B653+'Blood Bank'!B639+Lab!B654+'Radiology '!B613+Pharmacy!B600+'Auxillary services'!B632+Admin!B875+'Ped Ward'!B675+'Mortuary '!B573)/('Emergency '!C723+OPD!C772+'NRC '!C693+OT!C708+IPD!C653+'Blood Bank'!C639+Lab!C654+'Radiology '!C613+Pharmacy!C600+'Auxillary services'!C632+Admin!C875+'Ped Ward'!C675+'Mortuary '!C573) -> 1 | E23: =('Emergency '!B724+OPD!B773+'NRC '!B694+OT!B709+IPD!B654+'Blood Bank'!B640+Lab!B655+'Radiology '!B614+Pharmacy!B601+'Auxillary services'!B633+Admin!B876+'Ped Ward'!B676+'Mortuary '!B574)/('Emergency '!C724+OPD!C773+'NRC '!C694+OT!C709++IPD!C654+'Blood Bank'!C640+Lab!C655+'Radiology '!C614+Pharmacy!C601+'Auxillary services'!C633+Admin!C876+'Mortuary '!C574+'Ped Ward'!C676) -> 1 | F23: =('Emergency '!B725+OPD!B774+'NRC '!B695+OT!B710+IPD!B655+'Blood Bank'!B641+Lab!B656+'Radiology '!B615+Pharmacy!B602+'Auxillary services'!B634+Admin!B877+'Ped Ward'!B677+'Mortuary '!B575)/('Emergency '!C725+OPD!C774+'NRC '!C695+OT!C710+IPD!C655+'Blood Bank'!C641+Lab!C656+'Radiology '!C615+Pharmacy!C602+'Auxillary services'!C634+Admin!C877+'Mortuary '!C575+'Ped Ward'!C677) -> 1
B29: Standard A1. | C29: Facility Provides Curative Services | I29: =('Emergency '!H44+OPD!H43+'NRC '!H44+OT!H44+IPD!H44+'Blood Bank'!H44+'Radiology '!H43+Pharmacy!H43+Admin!H43+'Ped Ward'!H44+'Mortuary '!H43)/('Emergency '!I44+OPD!I43+'NRC '!I44+OT!I44+IPD!I44+'Blood Bank'!I44+'Radiology '!I43+Pharmacy!I43+Admin!I43+'Mortuary '!I43+'Ped Ward'!I44) -> 1
B30: Standard A2 | C30: Facility provides RMNCHA Services | I30: =('Emergency '!H64+OPD!H72+'Ped Ward'!H64+'NRC '!H63+OT!H63)/(OT!I63+'NRC '!I63+'Ped Ward'!I64+OPD!I72+'Emergency '!I64) -> 1
B31: Standard A3. | C31: Facility Provides diagnostic Services | I31: =('Emergency '!H70+OPD!H79+'NRC '!H78+OT!H71+'Blood Bank'!H72+Lab!H70+'Radiology '!H69+Admin!H71)/('Emergency '!I70+OPD!I79+'NRC '!I78+OT!I71+'Blood Bank'!I72+Lab!I70+'Radiology '!I69+Admin!I71) -> 1
B32: Standard A4 | C32: Facility provides services as mandated in national Health Programs/ state scheme | I32: =(OPD!H84+OT!H75+IPD!H75+'Blood Bank'!H76+Lab!H82+Pharmacy!H74+Admin!H77+'Ped Ward'!H81)/(OPD!I84+OT!I75+IPD!I75+'Blood Bank'!I76+Lab!I82+Pharmacy!I74+Admin!I77+'Ped Ward'!I81) -> 1
B33: Standard A5. | C33: Facility provides support services | I33: =('Emergency '!H87+'NRC '!H94+Pharmacy!H87+'Auxillary services'!H84+Admin!H92+'Mortuary '!H84)/('Emergency '!I87+'NRC '!I94+Pharmacy!I87+'Auxillary services'!I84+Admin!I92+'Mortuary '!I84) -> 1
B34: Standard A6. | C34: Health services provided at the facility are appropriate to community needs. | I34: =('Emergency '!H95+OPD!H111+IPD!H95+'Blood Bank'!H96+Lab!H103+Admin!H101)/('Emergency '!I95+OPD!I111+IPD!I95+'Blood Bank'!I96+Lab!I103+Admin!I101) -> 1
B35: Standard B1. | C35: Facility provides the information to care seekers, attendants & community about the available services and their modalities | I35: =('Emergency '!H99+OPD!H115+'NRC '!H106+OT!H100+IPD!H99+'Blood Bank'!H100+Lab!H107+'Radiology '!H101+Pharmacy!H102+'Auxillary services'!H97+Admin!H106+'Ped Ward'!H108+'Mortuary '!H100)/('Emergency '!I99+OPD!I115+'NRC '!I106+OT!I100+IPD!I99+'Blood Bank'!I100+Lab!I107+'Radiology '!I101+Pharmacy!I102+'Auxillary services'!I97+Admin!I106+'Mortuary '!I100+'Ped Ward'!I108) -> 1
B36: Standard B2. | C36: Services are delivered in a manner that is sensitive to gender, religious, and cultural needs, and there are no barrier on account of physical economic, cultural or social reasons. | I36: =('Emergency '!H112+OPD!H130+'NRC '!H120+OT!H112+IPD!H113+'Blood Bank'!H112+Lab!H118+'Radiology '!H113+Pharmacy!H114+Admin!H136+'Ped Ward'!H119+'Mortuary '!H110)/('Emergency '!I112+OPD!I130+'NRC '!I120+OT!I112+IPD!I113+'Blood Bank'!I112+Lab!I118+'Radiology '!I113+Pharmacy!I114+Admin!I136+'Mortuary '!I110+'Ped Ward'!I119) -> 1
B37: Standard B3. | C37: Facility maintains the privacy, confidentiality & Dignity of patient and related information. | I37: =('Emergency '!H128+OPD!H143+'NRC '!H126+OT!H119+IPD!H126+'Blood Bank'!H118+Lab!H124+'Radiology '!H119+Pharmacy!H120+'Auxillary services'!H112+Admin!H160+'Ped Ward'!H126+'Mortuary '!H116)/('Emergency '!I128+OPD!I143+'NRC '!I126+OT!I119+IPD!I126+'Blood Bank'!I118+Lab!I124+'Radiology '!I119+Pharmacy!I120+'Auxillary services'!I112+Admin!I160+'Mortuary '!I116+'Ped Ward'!I126) -> 1
B38: Standard B4. | C38: Facility has defined and established procedures for informing and involving patient and their families about treatment and obtaining informed consent wherever it is required. | I38: =('Emergency '!H134+OPD!H150+'NRC '!H131+OT!H126+IPD!H136+'Blood Bank'!H123+Lab!H129+'Radiology '!H125+Pharmacy!H125+'Auxillary services'!H117+Admin!H165+ 'Ped Ward'!H131+'Mortuary '!H121)/('Emergency '!I134+OPD!I150+'NRC '!I131+OT!I126+IPD!I136+'Blood Bank'!I123+Lab!I129+'Radiology '!I125+Pharmacy!I125+'Auxillary services'!I117+Admin!I165+'Mortuary '!I121+'Ped Ward'!I131) -> 1
B39: Standard B5. | C39: Facility ensures that there are no financial barrier to access and that there is financial protection given from cost of care. | I39: =('Emergency '!H140+OPD!H157+'NRC '!H138+OT!H133+IPD!H142+'Blood Bank'!H130+Lab!H135+'Radiology '!H131+Pharmacy!H131+'Auxillary services'!H123+Admin!H179+'Ped Ward'!H137)/('Emergency '!I140+OPD!I157+'NRC '!I138+OT!I133+IPD!I142+'Blood Bank'!I130+Lab!I135+'Radiology '!I131+Pharmacy!I131+'Auxillary services'!I123+Admin!I179+'Ped Ward'!I137) -> 1
B40: Standard B6. | C40: Facility has defined framework for ethical management including dilemmas confronted during delivery of services at public health facilities | I40: =('Emergency '!H147+IPD!H150+'Ped Ward'!H151+'NRC '!H153+Admin!H191)/(Admin!I191+'NRC '!I153+'Ped Ward'!I151+IPD!I150+'Emergency '!I147) -> 1
B41: Standard C1. | C41: The facility has infrastructure for delivery of assured services, and available infrastructure meets the prevalent norms | I41: =('Emergency '!H160+OPD!H177+'NRC '!H166+OT!H133+IPD!H142+'Blood Bank'!H130+Lab!H135+'Radiology '!H131+Pharmacy!H131+'Auxillary services'!H123+Admin!H179+'Ped Ward'!H164+'Mortuary '!H147)/('Emergency '!I160+OPD!I177+'NRC '!I166+OT!I133+IPD!I142+'Blood Bank'!I130+Lab!I135+'Radiology '!I131+Pharmacy!I131+'Auxillary services'!I123+Admin!I179+'Mortuary '!I147+'Ped Ward'!I164) -> 1
B42: Standard C2. | C42: The facility ensures the physical safety of the infrastructure. | I42: =('Emergency '!H191+OPD!H202+'NRC '!H188+OT!H179+IPD!H186+'Blood Bank'!H166+Lab!H172+'Radiology '!H164+Pharmacy!H167+'Auxillary services'!H158+Admin!H233+'Ped Ward'!H186+'Mortuary '!H164)/('Emergency '!I191+OPD!I202+'NRC '!I188+OT!I179+IPD!I186+'Blood Bank'!I166+Lab!I172+'Radiology '!I164+Pharmacy!I167+'Auxillary services'!I158+Admin!I233+'Mortuary '!I164+'Ped Ward'!I186) -> 1
B43: Standard C3. | C43: The facility has established Programme for fire safety and other disaster | I43: =('Emergency '!H197+OPD!H208+'NRC '!H194+OT!H186+IPD!H192+'Blood Bank'!H174+Lab!H180+'Radiology '!H173+Pharmacy!H174+'Auxillary services'!H164+Admin!H256+'Ped Ward'!H192+'Mortuary '!H171)/('Emergency '!I197+OPD!I208+'NRC '!I194+OT!I186+IPD!I192+'Blood Bank'!I174+Lab!I180+'Radiology '!I173+Pharmacy!I174+'Auxillary services'!I164+Admin!I256+'Mortuary '!I171+'Ped Ward'!I192) -> 1
B44: Standard C4. | C44: The facility has adequate qualified and trained staff, required for providing the assured services to the current case load | I44: =('Emergency '!H203+OPD!H214+'NRC '!H200+OT!H192+IPD!H198+'Blood Bank'!H181+Lab!H187+'Radiology '!H179+Pharmacy!H181+'Auxillary services'!H171+Admin!H267+'Ped Ward'!H198+'Mortuary '!H176)/('Emergency '!I203+OPD!I214+'NRC '!I200+OT!I192+IPD!I198+'Blood Bank'!I181+Lab!I187+'Radiology '!I179+Pharmacy!I181+'Auxillary services'!I171+Admin!I267+'Mortuary '!I176+'Ped Ward'!I198) -> 1
B45: Standard C5. | C45: Facility provides drugs and consumables required for assured list of services. | I45: =('Emergency '!H212+OPD!H232+'NRC '!H210+OT!H205+IPD!H205+'Blood Bank'!H188+Lab!H196+'Radiology '!H187+Pharmacy!H187+'Auxillary services'!H181+Admin!H302+'Ped Ward'!H205+'Mortuary '!H183)/('Emergency '!I212+OPD!I232+'NRC '!I210+OT!I205+IPD!I205+'Blood Bank'!I188+Lab!I196+'Radiology '!I187+Pharmacy!I187+'Auxillary services'!I181+Admin!I302+'Mortuary '!I183+'Ped Ward'!I205) -> 1
B46: Standard C6. | C46: The facility has equipment & instruments required for assured list of services. | I46: =('Emergency '!H230+OPD!H238+'NRC '!H221+OT!H221+IPD!H219+'Blood Bank'!H193+Lab!H203+'Radiology '!H192+Pharmacy!H209+'Auxillary services'!H186+Admin!H306+'Ped Ward'!H215+'Mortuary '!H188)/('Emergency '!I230+OPD!I238+'NRC '!I221+OT!I221+IPD!I219+'Blood Bank'!I193+Lab!I203+'Radiology '!I192+Pharmacy!I209+'Auxillary services'!I186+Admin!I306+'Mortuary '!I188+'Ped Ward'!I215) -> 1
B47: Standard C7. | C47: Facility has a defined and established procedure for effective utilization, evaluation and augmentation of competence and performance of staff | I47: =('Emergency '!H246+OPD!H252+IPD!H231+'Ped Ward'!H227+'NRC '!H235+OT!H239+'Blood Bank'!H205+Lab!H220+'Radiology '!H207+Pharmacy!H217+'Auxillary services'!H199+'Mortuary '!H199+Admin!H316)/(Admin!I316+'Mortuary '!I199+'Auxillary services'!I199+Pharmacy!I217+'Radiology '!I207+Lab!I220+'Blood Bank'!I205+OT!I239+'NRC '!I235+'Ped Ward'!I227+IPD!I231+OPD!I252+'Emergency '!I246) -> 1
B48: Standard D1. | C48: The facility has established Programme for inspection, testing and maintenance and calibration of Equipment. | I48: =('Emergency '!H265+OPD!H273+'NRC '!H252+OT!H260+IPD!H246+'Blood Bank'!H220+Lab!H238+'Radiology '!H222+Pharmacy!H234+'Auxillary services'!H215+Admin!H338+'Ped Ward'!H246+'Mortuary '!H214)/('Emergency '!I265+OPD!I273+'NRC '!I252+OT!I260+IPD!I246+'Blood Bank'!I220+Lab!I238+'Radiology '!I222+Pharmacy!I234+'Auxillary services'!I215+Admin!I338+'Mortuary '!I214+'Ped Ward'!I246) -> 1
B49: Standard D2. | C49: The facility has defined procedures for storage, inventory management and dispensing of drugs in pharmacy and patient care areas | I49: =('Emergency '!H271+OPD!H278+'NRC '!H257+OT!H269+IPD!H251+'Blood Bank'!H231+Lab!H250+'Radiology '!H231+Pharmacy!H239+Admin!H349+'Ped Ward'!H251+'Mortuary '!H219)/('Emergency '!I271+OPD!I278+'NRC '!I257+OT!I269+IPD!I251+'Blood Bank'!I231+Lab!I250+'Radiology '!I231+Pharmacy!I239+Admin!I349+'Mortuary '!I219+'Ped Ward'!I251) -> 1
B50: Standard D3. | C50: The facility provides safe, secure and comfortable environment to staff, patients and visitors. | I50: =('Emergency '!H288+OPD!H293+'NRC '!H273+OT!H284+IPD!H265+'Blood Bank'!H246+Lab!H264+'Radiology '!H244+Pharmacy!H279+'Auxillary services'!H229+Admin!H359)/('Emergency '!I288+OPD!I293+'NRC '!I273+OT!I284+IPD!I265+'Blood Bank'!I246+Lab!I264+'Radiology '!I244+Pharmacy!I279+'Auxillary services'!I229+Admin!I359) -> 1
B51: Standard D4. | C51: The facility has established Programme for maintenance and upkeep of the facility | I51: =('Emergency '!H297+OPD!H303+'NRC '!H286+OT!H294+IPD!H275+'Blood Bank'!H253+Lab!H274+'Radiology '!H258+Pharmacy!H286+'Auxillary services'!H241+Admin!H385+'Ped Ward'!H279+'Mortuary '!H236)/('Emergency '!I297+OPD!I303+'NRC '!I286+OT!I294+IPD!I275+'Blood Bank'!I253+Lab!I274+'Radiology '!I258+Pharmacy!I286+'Auxillary services'!I241+Admin!I385+'Mortuary '!I236+'Ped Ward'!I279) -> 1
B52: Standard D5. | C52: The facility ensures 24X7 water and power backup as per requirement of service delivery, and support services norms | I52: =('Emergency '!H310+OPD!H316+'NRC '!H300+OT!H307+IPD!H288+'Blood Bank'!H266+Lab!H285+'Radiology '!H269+Pharmacy!H297+'Auxillary services'!H254+Admin!H413+'Ped Ward'!H292+'Mortuary '!H248)/('Emergency '!I310+OPD!I316+'NRC '!I300+OT!I307+IPD!I288+'Blood Bank'!I266+Lab!I285+'Radiology '!I269+Pharmacy!I297+'Auxillary services'!I254+Admin!I413+'Mortuary '!I248+'Ped Ward'!I292) -> 1
B53: StandardD6 | C53: Dietary services are available as per service provision and nutritional requirement of the patients. | I53: =(OPD!H320+'NRC '!H305+IPD!H292+'Auxillary services'!H258+'Ped Ward'!H296)/(OPD!I320+'NRC '!I305+IPD!I292+'Auxillary services'!I258+'Ped Ward'!I296) -> 1
B54: Standard D7. | C54: The facility ensures clean linen to the patients | I54: =('Emergency '!H320+OPD!H324+'NRC '!H318+OT!H318+IPD!H297+'Blood Bank'!H275+'Auxillary services'!H274+Admin!H442+'Ped Ward'!H301)/('Emergency '!I320+OPD!I324+'NRC '!I318+OT!I318+IPD!I297+'Blood Bank'!I275+'Auxillary services'!I274+Admin!I442+'Ped Ward'!I301) -> 1
B55: Standard D8 | C55: The facility has defined and established procedures for promoting public participation in management of hospital transparency and accountability. | I55: =Admin!H446/Admin!I446 -> 1
B56: Standard D9 | C56: Hospital has defined and established procedures for Financial Management | I56: =Admin!H457/Admin!I457 -> 1
B57: Standard D10. | C57: Facility is compliant with all statutory and regulatory requirement imposed by local, state or central government | I57: =('Emergency '!H330+'Blood Bank'!H285+Lab!H303+'Radiology '!H287+Pharmacy!H316+Admin!H466)/('Emergency '!I330+'Blood Bank'!I285+Lab!I303+'Radiology '!I287+Pharmacy!I316+Admin!I466) -> 1
B58: Standard D11. | C58: Roles & Responsibilities of administrative and clinical staff are determined as per govt. regulations and standards operating procedures. | I58: =('Emergency '!H334+OPD!H338+'NRC '!H333+OT!H333+IPD!H313+'Blood Bank'!H289+Lab!H307+'Radiology '!H298+Pharmacy!H320+'Auxillary services'!H300+Admin!H483+'Ped Ward'!H316+'Mortuary '!H270)/('Emergency '!I334+OPD!I338+'NRC '!I333+OT!I333+IPD!I313+'Blood Bank'!I289+Lab!I307+'Radiology '!I298+Pharmacy!I320+'Auxillary services'!I300+Admin!I483+'Mortuary '!I270+'Ped Ward'!I316) -> 1
B59: Standard D12 | C59: Facility has established procedure for monitoring the quality of outsourced services and adheres to contractual obligations | I59: =('Emergency '!H339+OPD!H343+'NRC '!H338+OT!H338+IPD!H318+'Blood Bank'!H294+Lab!H312+'Radiology '!H303+Pharmacy!H325+'Auxillary services'!H307+Admin!H503+'Ped Ward'!H321+'Mortuary '!H275)/('Emergency '!I339+OPD!I343+'NRC '!I338+OT!I338+IPD!I318+'Blood Bank'!I294+Lab!I312+'Radiology '!I303+Pharmacy!I325+'Auxillary services'!I307+Admin!I503+'Mortuary '!I275+'Ped Ward'!I321) -> 1
B60: Standard E1. | C60: The facility has defined procedures for registration, consultation and admission of patients. | I60: =('Emergency '!H343+OPD!H347+'NRC '!H342+IPD!H322+'Blood Bank'!H298+Lab!H316+'Radiology '!H307+Admin!H514+'Ped Ward'!H325)/('Emergency '!I343+OPD!I347+'NRC '!I342+IPD!I322+'Blood Bank'!I298+Lab!I316+'Radiology '!I307+Admin!I514+'Ped Ward'!I325) -> 1
B61: Standard E2. | C61: The facility has defined and established procedures for clinical assessment and reassessment of the patients. | I61: =('Emergency '!H357+OPD!H361+'NRC '!H353+OT!H347+IPD!H330+'Blood Bank'!H304+'Ped Ward'!H334)/('Emergency '!I357+OPD!I361+'NRC '!I353+OT!I347+IPD!I330+'Blood Bank'!I304+'Ped Ward'!I334) -> 1
B62: Standard E3. | C62: Facility has defined and established procedures for continuity of care of patient and referral | I62: =('Emergency '!H362+OPD!H364+'NRC '!H361+OT!H350+IPD!H339+'Blood Bank'!H307+Lab!H325+'Radiology '!H316+Admin!H524+'Ped Ward'!H343)/('Emergency '!I362+OPD!I364+'NRC '!I361+OT!I350+IPD!I339+'Blood Bank'!I307+Lab!I325+'Radiology '!I316+Admin!I524+'Ped Ward'!I343) -> 1
B63: Standard E4. | C63: The facility has defined and established procedures for nursing care | I63: =('Emergency '!H374+'NRC '!H372+OT!H357+IPD!H350+'Blood Bank'!H314+Lab!H331+Admin!H536+'Ped Ward'!H354)/('Emergency '!I374+'NRC '!I372+OT!I357+IPD!I350+'Blood Bank'!I314+Lab!I331+Admin!I536+'Ped Ward'!I354) -> 1
B64: Standard E5. | C64: Facility has a procedure to identify high risk and vulnerable patients. | I64: =('Emergency '!H384+OPD!H380+'NRC '!H382+OT!H364+IPD!H360+'Radiology '!H327+Admin!H542+'Ped Ward'!H364)/('Emergency '!I384+OPD!I380+'NRC '!I382+OT!I364+IPD!I360+'Radiology '!I327+Admin!I542+'Ped Ward'!I364) -> 1
B65: Standard E6. | C65: Facility follows standard treatment guidelines defined by state/Central government for prescribing the generic drugs & their rational use. | I65: =('Emergency '!H387+OPD!H383+'NRC '!H385+OT!H367+IPD!H363+Pharmacy!H351+Admin!H545+'Ped Ward'!H367)/('Emergency '!I387+OPD!I383+'NRC '!I385+OT!I367+IPD!I363+Pharmacy!I351+Admin!I545+'Ped Ward'!I367) -> 1
B66: Standard E7. | C66: Facility has defined procedures for safe drug administration | I66: =('Emergency '!H393+OPD!H390+'NRC '!H391+OT!H372+IPD!H369+Pharmacy!H361+Admin!H550+'Ped Ward'!H373)/('Emergency '!I393+OPD!I390+'NRC '!I391+OT!I372+IPD!I369+Pharmacy!I361+Admin!I550+'Ped Ward'!I373) -> 1
B67: Standard E8. | C67: Facility has defined and established procedures for maintaining, updating of patients’ clinical records and their storage | I67: =('Emergency '!H405+OPD!H400+'NRC '!H405+OT!H384+IPD!H381+'Blood Bank'!H333+Lab!H350+'Radiology '!H339+Pharmacy!H367+'Auxillary services'!H342+Admin!H556+'Ped Ward'!H387+'Mortuary '!H310)/('Emergency '!I405+OPD!I400+'NRC '!I405+OT!I384+IPD!I381+'Blood Bank'!I333+Lab!I350+'Radiology '!I339+Pharmacy!I367+'Auxillary services'!I342+Admin!I556+'Mortuary '!I310+'Ped Ward'!I387) -> 1
B68: Standard E9. | C68: The facility has defined and established procedures for discharge of patient. | I68: =('Emergency '!H414+'NRC '!H414+IPD!H390+'Ped Ward'!H396)/('Emergency '!I414+'NRC '!I414+IPD!I390+'Ped Ward'!I396) -> 1
B69: Standard E10. | C69: The facility has defined and established procedures for intensive care. | I69: NA
B70: Standard E11. | C70: The facility has defined and established procedures for Emergency Services and Disaster Management | I70: =('Emergency '!H427+OPD!H418+IPD!H404+'Ped Ward'!H316+'NRC '!H429+OT!H403+'Blood Bank'!H351+Lab!H368+'Radiology '!H357+Pharmacy!H385+'Auxillary services'!H371+'Mortuary '!H327+Admin!H574)/('Emergency '!I427+OPD!I418+IPD!I404+'Ped Ward'!I316+'NRC '!I429+OT!I403+'Blood Bank'!I351+Lab!I368+'Radiology '!I357+Pharmacy!I385+'Auxillary services'!I371+'Mortuary '!I327+Admin!I574) -> 1
B71: Standard E12. | C71: The facility has defined and established procedures of diagnostic services | I71: =('Emergency '!H454+OPD!H425+'NRC '!H436+OT!H410+IPD!H411+'Blood Bank'!H359+Lab!H375+'Radiology '!H364+'Ped Ward'!H417)/('Emergency '!I454+OPD!I425+'NRC '!I436+OT!I410+IPD!I411+'Blood Bank'!I359+Lab!I375+'Radiology '!I364+'Ped Ward'!I417) -> 1
B72: Standard E13. | C72: The facility has defined and established procedures for Blood Bank/Storage Management and Transfusion. | I72: =('Emergency '!H458+'NRC '!H440+OT!H414+IPD!H415+'Blood Bank'!H363+'Ped Ward'!H421)/('Emergency '!I458+'NRC '!I440+OT!I414+IPD!I415+'Blood Bank'!I363+'Ped Ward'!I421) -> 1
B73: Standard E14 | C73: Facility has established procedures for Anaesthetic Services | I73: =(OT!H429+IPD!H430+'Ped Ward'!H436)/(OT!I429+IPD!I430+'Ped Ward'!I436) -> 1
B74: Standard E15. | C74: Facility has defined and established procedures of Surgical Services | I74: =('Emergency '!H477+OT!H442)/('Emergency '!I477+OT!I442) -> 1
B75: Standard E16. | C75: The facility has defined and established procedures for end of life care and death | I75: =('Emergency '!H483+OT!H456+IPD!H439+Admin!H605+'Ped Ward'!H445+'Mortuary '!H358)/('Emergency '!I483+OT!I456+IPD!I439+Admin!I605+'Ped Ward'!I445+'Mortuary '!I358) -> 1
B76: Standard E17 | C76: Facility has established procedures for Antenatal care as per guidelines | I76: ='Ped Ward'!H452/'Ped Ward'!I452 -> 1
B77: Standard E18 | C77: Facility has established procedures for Intranatal care as per guidelines | I77: NA
B78: Standard E19 | C78: Facility has established procedures for postnatal care as per guidelines | I78: NA
B79: Standard E20 | C79: The facility has established procedures for care of new born, infant and child as per guidelines | I79: =(OPD!H492+'NRC '!H489+Admin!H627+'Ped Ward'!H470)/(OPD!I492+'NRC '!I489+Admin!I627+'Ped Ward'!I470) -> 1
B80: Standard E21 | C80: Facility has established procedures for abortion and family planning as per government guidelines and law | I80: NA
B81: Standard E22 | C81: Facility provides Adolescent Reproductive and Sexual Health services as per guidelines | I81: NA
B82: Standard E23 | C82: Facility provides National health program as per operational/Clinical Guidelines | I82: =(OPD!H541+IPD!H486+Lab!H455)/(OPD!I541+IPD!I486+Lab!I455) -> 1
B83: Standard F1. | C83: Facility has infection control program and procedures in place for prevention and measurement of hospital associated infection | I83: =('Emergency '!H541+OPD!H580+'NRC '!H525+OT!H524+IPD!H498+'Blood Bank'!H473+Lab!H467+'Radiology '!H462+Pharmacy!H471+'Auxillary services'!H457+Admin!H660+'Ped Ward'!H508+'Mortuary '!H426)/('Emergency '!I541+OPD!I580+'NRC '!I525+OT!I524+IPD!I498+'Blood Bank'!I473+Lab!I467+'Radiology '!I462+Pharmacy!I471+'Auxillary services'!I457+Admin!I660+'Mortuary '!I426+'Ped Ward'!I508) -> 1
B84: Standard F2. | C84: Facility has defined and Implemented procedures for ensuring hand hygiene practices and antisepsis | I84: =('Emergency '!H549+OPD!H588+'NRC '!H533+OT!H532+IPD!H506+'Blood Bank'!H481+Lab!H476+'Radiology '!H470+'Auxillary services'!H465+Admin!H685+'Ped Ward'!H516+'Mortuary '!H434)/('Emergency '!I549+OPD!I588+'NRC '!I533+OT!I532+IPD!I506+'Blood Bank'!I481+Lab!I476+'Radiology '!I470+'Auxillary services'!I465+Admin!I685+'Mortuary '!I434+'Ped Ward'!I516) -> 1
B85: Standard F3. | C85: Facility ensures standard practices and materials for Personal protection | I85: =('Emergency '!H559+OPD!H598+'NRC '!H545+OT!H548+IPD!H516+'Blood Bank'!H493+Lab!H488+'Radiology '!H479+'Auxillary services'!H473+Admin!H689+'Ped Ward'!H527+'Mortuary '!H443)/('Emergency '!I559+OPD!I598+'NRC '!I545+OT!I548+IPD!I516+'Blood Bank'!I493+Lab!I488+'Radiology '!I479+'Auxillary services'!I473+Admin!I689+'Mortuary '!I443+'Ped Ward'!I527) -> 1
B86: Standard F4. | C86: Facility has standard Procedures for processing of equipments and instruments | I86: =('Emergency '!H565+OPD!H603+'NRC '!H550+OT!H558+IPD!H521+'Blood Bank'!H499+Lab!H494+'Radiology '!H483+'Auxillary services'!H480+Admin!H696+'Ped Ward'!H532+'Mortuary '!H448)/('Emergency '!I565+OPD!I603+'NRC '!I550+OT!I558+IPD!I521+'Blood Bank'!I499+Lab!I494+'Radiology '!I483+'Auxillary services'!I480+Admin!I696+'Mortuary '!I448+'Ped Ward'!I532) -> 1
B87: Standard F5. | C87: Physical layout and environmental control of the patient care areas ensures infection prevention | I87: =('Emergency '!H576+OPD!H613+'NRC '!H561+OT!H577+IPD!H531+'Blood Bank'!H506+Lab!H502+'Radiology '!H487+Pharmacy!H490+'Auxillary services'!H486+Admin!H700+'Ped Ward'!H542+'Mortuary '!H456)/('Emergency '!I576+OPD!I613+'NRC '!I561+OT!I577+IPD!I531+'Blood Bank'!I506+Lab!I502+'Radiology '!I487+Pharmacy!I490+'Auxillary services'!I486+Admin!I700+'Mortuary '!I456+'Ped Ward'!I542) -> 1
B88: Standard F6. | C88: Facility has defined and established procedures for segregation, collection, treatment and disposal of Bio Medical and hazardous Waste. | I88: =('Emergency '!H588+OPD!H626+'NRC '!H572+OT!H596+IPD!H542+'Blood Bank'!H517+Lab!H513+'Radiology '!H498+Pharmacy!H496+'Auxillary services'!H500+Admin!H706+'Ped Ward'!H553+'Mortuary '!H467)/('Emergency '!I588+OPD!I626+'NRC '!I572+OT!I596+IPD!I542+'Blood Bank'!I517+Lab!I513+'Radiology '!I498+Pharmacy!I496+'Auxillary services'!I500+Admin!I706+'Mortuary '!I467+'Ped Ward'!I553) -> 1
B89: Standard G1 | C89: The facility has established organizational framework for quality improvement | I89: =('Emergency '!H605+OPD!H642+'NRC '!H588+OT!H610+IPD!H558+'Blood Bank'!H533+Lab!H531+'Radiology '!H507+Pharmacy!H504+'Auxillary services'!H511+Admin!H729+'Ped Ward'!H569+'Mortuary '!H484)/('Emergency '!I605+OPD!I642+'NRC '!I588+OT!I610+IPD!I558+'Blood Bank'!I533+Lab!I531+'Radiology '!I507+Pharmacy!I504+'Auxillary services'!I511+Admin!I729+'Mortuary '!I484+'Ped Ward'!I569) -> 1
B90: Standard G2 | C90: Facility has established system for patient and employee satisfaction | I90: =(OPD!H645+'NRC '!H591+IPD!H561+'Blood Bank'!H536+Lab!H534+'Radiology '!H510+Pharmacy!H507+'Auxillary services'!H514+Admin!H746+'Ped Ward'!H572)/(OPD!I645+'NRC '!I591+IPD!I561+'Blood Bank'!I536+Lab!I534+'Radiology '!I510+Pharmacy!I507+'Auxillary services'!I514+Admin!I746+'Ped Ward'!I572) -> 1
B91: Standard G3. | C91: Facility have established internal and external quality assurance programs wherever it is critical to quality. | I91: =('Emergency '!H612+OPD!H649+'NRC '!H595+OT!H617+IPD!H565+'Blood Bank'!H541+Lab!H539+'Radiology '!H515+Pharmacy!H511+'Auxillary services'!H519+Admin!H760+'Ped Ward'!H576+'Mortuary '!H491)/('Emergency '!I612+OPD!I649+'NRC '!I595+OT!I617+IPD!I565+'Blood Bank'!I541+Lab!I539+'Radiology '!I515+Pharmacy!I511+'Auxillary services'!I519+Admin!I760+'Mortuary '!I491+'Ped Ward'!I576) -> 1
B92: Standard G4. | C92: Facility has established, documented implemented and maintained Standard Operating Procedures for all key processes and support services. | I92: =('Emergency '!H618+OPD!H655+'NRC '!H600+OT!H622+IPD!H570+'Blood Bank'!H550+Lab!H552+'Radiology '!H520+Pharmacy!H516+Admin!H765 +'Ped Ward'!H581+'Mortuary '!H496)/('Emergency '!I618+OPD!I655+'NRC '!I600+OT!I622+IPD!I570+'Blood Bank'!I550+Lab!I552+'Radiology '!I520+Pharmacy!I516+Admin!I765+'Mortuary '!I496+'Ped Ward'!I581) -> 1
B93: Standard G5. | C93: Facility maps its key processes and seeks to make them more efficient by reducing non value adding activities and wastages | I93: =('Emergency '!H636+OPD!H673+'NRC '!H618+OT!H637+IPD!H586+'Blood Bank'!H565+Lab!H579+'Radiology '!H537+Pharmacy!H534+'Auxillary services'!H561+Admin!H777+'Ped Ward'!H601+'Mortuary '!H513)/('Emergency '!I636+OPD!I673+'NRC '!I618+OT!I637+IPD!I586+'Blood Bank'!I565+Lab!I579+'Radiology '!I537+Pharmacy!I534+'Auxillary services'!I561+Admin!I777+'Mortuary '!I513+'Ped Ward'!I601) -> 1
B94: Standard G6. | C94: The facility has established system of periodic review as internal assessment , medical & death audit and prescription audit | I94: =('Emergency '!H640+OPD!H677+'NRC '!H622+OT!H641+IPD!H590+'Blood Bank'!H569+Lab!H583+'Radiology '!H541+Pharmacy!H538+'Auxillary services'!H565+Admin!H781+'Ped Ward'!H601+'Mortuary '!H513+'Ped Ward'!H605+'Mortuary '!H517)/('Emergency '!I640+OPD!I677+'NRC '!I622+OT!I641+IPD!I590+'Blood Bank'!I569+Lab!I583+'Radiology '!I541+Pharmacy!I538+'Auxillary services'!I565+Admin!I781+'Mortuary '!I513+'Ped Ward'!I601+'Mortuary '!I517+'Ped Ward'!I605) -> 1
B95: Standard G7. | C95: The facility has defined and established Quality Policy & Quality Objectives | I95: =('Emergency '!H648+OPD!H684+'NRC '!H630+OT!H647+IPD!H598+'Blood Bank'!H575+Lab!H589+'Radiology '!H547+Pharmacy!H545+'Auxillary services'!H572+Admin!H801+'Ped Ward'!H613+'Mortuary '!H523)/('Emergency '!I648+OPD!I684+'NRC '!I630+OT!I647+IPD!I598+'Blood Bank'!I575+Lab!I589+'Radiology '!I547+Pharmacy!I545+'Auxillary services'!I572+Admin!I801+'Mortuary '!I523+'Ped Ward'!I613) -> 1
B96: Standard G8. | C96: Facility seeks continually improvement by practicing Quality method and tools. | I96: =('Emergency '!H653+OPD!H689+'NRC '!H635+OT!H652+IPD!H603+'Blood Bank'!H580+Lab!H594+'Radiology '!H555+Pharmacy!H550+'Auxillary services'!H577+Admin!H809+'Ped Ward'!H618+'Mortuary '!H527)/('Emergency '!I653+OPD!I689+'NRC '!I635+OT!I652+IPD!I603+'Blood Bank'!I580+Lab!I594+'Radiology '!I555+Pharmacy!I550+'Auxillary services'!I577+Admin!I809+ 'Mortuary '!I527+'Ped Ward'!I618) -> 1
B97: Standard G9 | C97: Facility has defined, approved and communicated Risk Management framework for existing and potential risks. | I97: =(Admin!H817)/(Admin!I817) -> 1
B98: Standard G10. | C98: Facility has established procedures for assessing, reporting, evaluating and managing risk as per Risk Management Plan | I98: =('Emergency '!H664+OPD!H700+IPD!H614+'Ped Ward'!H629+'NRC '!H646+OT!H662+'Blood Bank'!H591+Lab!H605+'Radiology '!H566+Pharmacy!H561+'Auxillary services'!H588+'Mortuary '!H537+Admin!H824)/(Admin!I824+'Mortuary '!I537+'Auxillary services'!I588+Pharmacy!I561+'Radiology '!I566+Lab!I605+'Blood Bank'!I591+OT!I662+'NRC '!I646+'Ped Ward'!I629+IPD!I614+OPD!I700+'Emergency '!I664) -> 1
B99: Standard H1 . | C99: The facility measures Productivity Indicators and ensures compliance with State/National benchmarks | I99: =('Emergency '!H676+OPD!H712+'NRC '!H658+OT!H674+IPD!H626+'Blood Bank'!H603+Lab!H617+'Radiology '!H578+Pharmacy!H573+'Auxillary services'!H600+Admin!H836+'Ped Ward'!H641+'Mortuary '!H549)/('Emergency '!I676+OPD!I712+'NRC '!I658+OT!I674+IPD!I626+'Blood Bank'!I603+Lab!I617+'Radiology '!I578+Pharmacy!I573+'Auxillary services'!I600+Admin!I836+'Mortuary '!I549+'Ped Ward'!I641) -> 1
B100: Standard H2 . | C100: The facility measures Efficiency Indicators and ensure to reach State/National Benchmark | I100: =('Emergency '!H687+OPD!H721+'NRC '!H664+OT!H680+IPD!H631+'Blood Bank'!H612+Lab!H628+'Radiology '!H586+Pharmacy!H578+'Auxillary services'!H607+Admin!H848+'Ped Ward'!H649+'Mortuary '!H554)/('Emergency '!I687+OPD!I721+'NRC '!I664+OT!I680+IPD!I631+'Blood Bank'!I612+Lab!I628+'Radiology '!I586+Pharmacy!I578+'Auxillary services'!I607+Admin!I848+'Mortuary '!I554+'Ped Ward'!I649) -> 1
B101: Standard H3. | C101: The facility measures Clinical Care & Safety Indicators and tries to reach State/National benchmark | I101: =('Emergency '!H694+OPD!H734+'NRC '!H674+OT!H688+IPD!H637+'Blood Bank'!H618+Lab!H636+'Radiology '!H593+Pharmacy!H583+'Auxillary services'!H613+Admin!H854+'Ped Ward'!H655)/('Emergency '!I694+OPD!I734+'NRC '!I674+OT!I688+IPD!I637+'Blood Bank'!I618+Lab!I636+'Radiology '!I593+Pharmacy!I583+'Auxillary services'!I613+Admin!I854+'Ped Ward'!I655) -> 1
B102: Standard H4. | C102: The facility measures Service Quality Indicators and endeavours to reach State/National benchmark | I102: =('Emergency '!H698+OPD!H741+'NRC '!H680+OT!H698+IPD!H642+'Blood Bank'!H625+Lab!H643+'Radiology '!H601+Pharmacy!H589+'Auxillary services'!H617+Admin!H861+'Ped Ward'!H664+'Mortuary '!H561)/('Emergency '!I698+OPD!I741+'NRC '!I680+OT!I698+IPD!I642+'Blood Bank'!I625+Lab!I643+'Radiology '!I601+Pharmacy!I589+'Auxillary services'!I617+Admin!I861+'Mortuary '!I561+'Ped Ward'!I664) -> 1

Sheet Emergency 
A1: National Quality Assurance Standards for District Hospitals
A2: Emergency Score Card | G2: NA Switch
A3: Checklist for Accident & Emergency | H3: 1
A4: Assessment Summary
A5: Name of the Hospital | F5: Date of Assessment
A6: Names of Assessors | F6: Names of Assessees
A7: Type of Assessment (Internal/External) | F7: Action plan Submission Date
A8: Accident & Emergency Score Card
A9: Area of Concern wise Score | F9: Accident & Emergency Score
A10: A | B10: Service Provision | C10: ='Emergency '!D718 -> 1 | F10: =D726 -> 1
A11: B | B11: Patient Rights | C11: ='Emergency '!D719 -> 1
A12: C | B12: Inputs | C12: ='Emergency '!D720 -> 1
A13: D | B13: Support Services | C13: ='Emergency '!D721 -> 1
A14: E | B14: Clinical Services | C14: ='Emergency '!D722 -> 1
A15: F | B15: Infection Control | C15: ='Emergency '!D723 -> 1
A16: G | B16: Quality Manangement | C16: ='Emergency '!D724 -> 1
A17: H | B17: Outcome | C17: ='Emergency '!D725 -> 1
B19: Major Gaps Observed
A20: 1
A21: 2
A22: 3
A23: 4
A24: 5
B25: Strengths / Good Practices
A26: 1
A27: 2
A28: 3
A29: 4
A30: 5
B31: Recommendations/ Opportunites for Improvement
A32: 1
A33: 2
A34: 3
A35: 4
A36: 5
B37: Signature of Assessors
B38: Date
A41: Checklist for Accident & Emergency
A42: Reference No. | B42: Measurable Element | C42: Checkpoint | D42: Compliance | E42: Assessment Method | F42: Means of Verification | G42: Remarks
B43: Area of Concern - A Service Provision | H43: =H44+H64+H70+H75+H87+H95 -> 38 | I43: =I44+I64+I70+I75+I87+I95 -> 38
A44: Standard A1. | B44: Facility Provides Curative Services | H44: =SUM(D45:D63) -> 22 | I44: =COUNT(D45:D63)*2 -> 22
A45: ME A1.1. | B45: The facility provides General Medicine services | C45: Availability of Emergency Medical Procedures | D45: 2 | E45: SI/OB | F45: Poisoning, Snake Bite, CVA, Acute MI, ARF, Hypovolumic Shock , Dyspnoea, Unconscious Patients
A46: ME A1.2. | B46: The facility provides General Surgery services | C46: Availability of Emergency Surgical Procedures | D46: 2 | E46: SI/OB | F46: Appendicitis, Rupture spleen, Intestinal Obstruction, Assault Injuries, perforation, Burns
A47: ME A1.3. | B47: The facility provides Obstetrics & Gynaecology Services | C47: Availability of Emergency Obstetrics &Gynaecology Procedures | E47: SI/OB | F47: APH, PPH, Eclampsia , Obstructed labour, Septic abortion, Emergency Contraceptives
A48: ME A1.4. | B48: The facility provides paediateric services | C48: Availability of emergency Paediatric procedures | D48: 2 | E48: SI/OB | F48: ARI, Diarrhoeal diseases, Hypothermia, PEM,resustication
A49: ME A1.5. | B49: The facility provides Ophthalmology Services | C49: Availability of Emergency Ophthalmology procedures | D49: 2 | E49: SI/OB | F49: Foreign body and injuries
A50: ME A1.6. | B50: The facility provides ENT Services | C50: Availability of Emergency ENT procedures | D50: 2 | E50: SI/OB | F50: Epitasis, foreign body
A51: ME A1.7. | B51: The facility provides Orthopaedics Services | C51: Availability of Emergency Orthopaedic procedures | D51: 2 | E51: SI/OB | F51: Fracture, RTA, Poly trauma
A52: ME A1.8 | B52: The facility provides Skin & VD Services
A53: ME A1.9. | B53: The facility provides Psychiatry Services | C53: Availability of Emergency Psychiatric procedures | D53: 2 | E53: SI/OB | F53: Conversion Reactions, other Psychiatric emergencies Hysteria, mania, psychosis
A54: ME A1.10 | B54: The facility provides Dental Treatment Services
A55: ME A1.11 | B55: The facility provides AYUSH Services
A56: ME A1.12 | B56: The facility provides Physiotherapy Services
A57: ME A1.13. | B57: The facility provides services for OPD procedures | C57: Availability of Dressing room facility | D57: 2 | E57: SI/OB | F57: Drainage, dressing, suturing
C58: Availability of injection room facilities | D58: 2 | E58: SI/OB | F58: Injection room facility with ARV, ASV and emergency drugs
A59: ME A1.14. | B59: Services are available for the time period as mandated | C59: 24X7 availability of dedicated emergency Services | D59: 2 | E59: SI/RR
A60: ME A1.15 | B60: The facility provides services for Super specialties, as mandated
A61: ME A1.16. | B61: The facility provides Accident & Emergency Services | C61: Availability of Emergency procedures | D61: 2 | E61: SI/OB | F61: Defibrillation, CPR, Mobilization, Chest Tube, Intubations, Tracheotomy, Mechanical Ventilation
A62: ME A1.17 | B62: The facility provides Intensive care Services
A63: ME A1.18 | B63: The facility provides Blood bank & transfusion services
A64: Standard A2 | B64: Facility provides RMNCHA Services | H64: =SUM(D65:D69) -> 2 | I64: =COUNT(D65:D69)*2 -> 2
A65: ME A2.1 | B65: The facility provides Reproductive health Services
A66: ME A2.2 | B66: The facility provides Maternal health Services | C66: Availability of Emergency Obstetrics & Gynaecology procedure | E66: SI/OB
A67: ME A2.3 | B67: The facility provides Newborn health Services
A68: ME A2.4 | B68: The facility provides Child health Services | C68: Triage and emergency management of paediatric cases | D68: 2 | E68: SI/OB
A69: ME A2.5 | B69: The facility provides Adolescent health Services
A70: Standard A3 | B70: Facility Provides diagnostic Services | H70: =SUM(D71:D74) -> 8 | I70: =COUNT(D71:D74)*2 -> 8
A71: ME A3.1. | B71: The facility provides Radiology Services | C71: Availability / Linkage to X-ray & USG services | D71: 2 | E71: SI/OB
C72: Radiology Services are functional 24X7 | D72: 2 | E72: SI/OB | F72: Check services are functional at night
A73: ME A3.2. | B73: The facility Provides Laboratory Services | C73: Availability of Emergency diagnostic tests 24x7 | D73: 2 | E73: SI/OB | F73: HB%, CPC, Blood Sugar, RDK, Urine Protein, Electrolyte (Na+K)
A74: ME A3.3. | B74: The facility provides other diagnostic services, as mandated | C74: Availability of Functional ECG Services | D74: 2 | E74: SI/OB
A75: Standard A4 | B75: Facility provides services as mandated in national Health Programs/ state scheme | H75: =SUM(D76:D86) -> 0 | I75: =COUNT(D76:D86)*2 -> 0
A76: ME A4.1 | B76: The facility provides services under National Vector Borne Disease Control Programme as per guidelines
A77: ME A4.2 | B77: The facility provides services under Revised National TB Control Programme as per guidelines
A78: ME A4.3 | B78: The facility provides services under National Leprosy Eradication Programme as per guidelines
A79: ME A4.4 | B79: The facility provides services under National AIDS Control Programme as per guidelines
A80: ME A4.5 | B80: The facility provides services under National Programme for Prevention and control of Blindness as per guidelines
A81: ME A4.6 | B81: The facility provides services under Mental Health Programme as per guidelines
A82: ME A4.7 | B82: The facility provides services under National Programme for the health care of the elderly as per guidelines
A83: ME A4.8 | B83: The facility provides services under National Programme for Prevention and control of Cancer, Diabetes, Cardiovascular diseases & Stroke (NPCDCS) as per guidelines
A84: ME A4.9 | B84: The facility Provides services under Integrated Disease Surveillance Programme as per Guidelines
A85: ME A4.10 | B85: The facility provide services under National health Programme for deafness
A86: ME A4.11 | B86: The facility provides services as per State specific health programmes
A87: Standard A5. | B87: Facility provides support services | H87: =SUM(D88:D94) -> 4 | I87: =COUNT(D88:D94)*2 -> 4
A88: ME A5.1 | B88: The facility provides dietary services
A89: ME A5.2 | B89: The facility provides laundry services
A90: ME A5.3. | B90: The facility provides security services | C90: Availability of Police post | D90: 2 | E90: SI/OB
A91: ME A5.4 | B91: The facility provides housekeeping services
A92: ME A5.5 | B92: The facility ensures maintenance services
A93: ME A5.6 | B93: The facility provides pharmacy services
A94: ME A5.7. | B94: The facility has services of medical record department | C94: Availability of Medico-legal record services | D94: 2 | E94: SI/OB
A95: Standard A6. | B95: Health services provided at the facility are appropriate to community needs. | H95: =SUM(D96:D97) -> 2 | I95: =COUNT(D96:D97)*2 -> 2
A96: ME A6.1. | B96: The facility provides curatives & preventive services for the health problems and diseases, prevalent locally. | C96: Availability of specific procedures for local prevalent emergencies | D96: 2 | E96: SI/OB | F96: Ask for the specific local health frequent emergencies. See if emergency is ready for it or not.
A97: ME A6.2 | B97: There is process for consulting community/ or their representatives when planning or revising scope of services of the facility
A98: . | B98: Area of Concern - B Patient Rights | H98: =H99+H112+H128+H134+H140+H147 -> 64 | I98: =I99+I112+I128+I134+I140+I147 -> 64
A99: Standard B1. | B99: Facility provides the information to care seekers, attendants & community about the available services and their modalities | H99: =SUM(D100:D111) -> 20 | I99: =COUNT(D100:D111)*2 -> 20
A100: ME B1.1. | B100: The facility has uniform and user-friendly signage system | C100: Availability departmental signage's . | D100: 2 | E100: OB | F100: Emergency department board is prominently displayed with facility of illumination in night.
C101: Availability of Directional Signage's. | D101: 2 | E101: OB | F101: Direction is displayed from main gate to direct.
A102: ME B1.2. | B102: The facility displays the services and entitlements available in its departments | C102: List of services including emergencies that are managed at the facility | D102: 2 | E102: OB
C103: Names of doctor and nursing staff on duty are displayed and updated | D103: 2 | E103: OB
...

Sheet OPD
A1: National Quality Assurance Standards for District Hospitals
A2: Checklist for Outdoor Patient Department | H2: 2
A3: Assessment Summary
A4: Name of the Hospital | F4: Date of Assessment
A5: Names of Assessors | F5: Names of Assessees
A6: Type of Assessment (Internal/External) | F6: Action plan Submission Date
A7: OPD Score Card
B8: Area of Concern wise Score | F8: OPD Score
A9: A | B9: Service Provision | C9: =OPD!D767 -> 1 | F9: =D775 -> 1
A10: B | B10: Patient Rights | C10: =OPD!D768 -> 1
A11: C | B11: Inputs | C11: =OPD!D769 -> 1
A12: D | B12: Support Services | C12: =OPD!D770 -> 1
A13: E | B13: Clinical Services | C13: =OPD!D771 -> 1
A14: F | B14: Infection Control | C14: =OPD!D772 -> 1
A15: G | B15: Quality Management | C15: =OPD!D773 -> 1
A16: H | B16: Outcome | C16: =OPD!D774 -> 1
B18: Major Gaps Observed
A19: 1
A20: 2
A21: 3
A22: 4
A23: 5
B24: Strengths / Good Practices
A25: 1
A26: 2
A27: 3
A28: 4
A29: 5
B30: Recommendations/ Opportunites for Improvement
A31: 1
A32: 2
A33: 3
A34: 4
A35: 5
B36: Signature of Assessors
B37: Date
A40: Checklist for OPD
A41: Reference No. | B41: Measurable Element | C41: Checkpoint | D41: Compliance | E41: Assessment Method | F41: Means of Verification | G41: Remarks | H41: Obtained | I41: Maximum
B42: Area of Concern - A Service Provision | H42: =H43+H72+H79+H84+H111 -> 94 | I42: =I43+I72+I79+I84+I111 -> 94
A43: Standard A1 | B43: Facility Provides Curative Services | H43: =SUM(D44:D68) -> 48 | I43: =COUNT(D44:D68)*2 -> 48
A44: ME A1.1 | B44: The facility provides General Medicine services | C44: Availability of functional General Medicine Clinic | D44: 2 | E44: SI/OB | F44: Dedicated General speciality Medicine Clinic
A45: ME A1.2 | B45: The facility provides General Surgery services | C45: Availability of functional General Surgery Clinic | D45: 2 | E45: SI/OB | F45: Dedicated General speciality Surgical Clinic
A46: ME A1.3 | B46: The facility provides Obstetrics & Gynaecology Services | C46: Availability of Functional Obstetrics & Gynaecology Clinic | E46: SI/OB | F46: Dedicated speciality Obstetrics & Gynaecology Clinic. High risk pregnancy cases are referred from ANC clinic and consulted.
A47: ME A1.4 | B47: The facility provides Paediatric Services | C47: Availability of Paediatric Clinic | D47: 2 | E47: SI/OB | F47: Dedicated Paediatric speciality Clinic
A48: ME A1.5 | B48: The facility provides Ophthalmology Services | C48: Availability of functional Ophthalmology Clinic | D48: 2 | E48: SI/OB | F48: Dedicated ophthalmology clinic providing consultation services
A49: ME A1.6 | B49: The facility provides ENT Services | C49: Availability of Functional ENT Clinic | D49: 2 | E49: SI/OB | F49: Dedicated ENT providing consultation services
C50: Availability of OPD ENT procedures | D50: 2 | E50: SI/OB | F50: Foreign Body Removal (Ear and Nose),Stitching of CLW’s, Dressings, Syringing of Ear, Chemical Cauterization (Nose & Ear), Eustachian Tube Function Test, Vestibular Function Test/Caloric Test
A51: ME A1.7 | B51: The facility provides Orthopaedics Services | C51: Availability of Functional Orthopaedic Clinic | D51: 2 | E51: SI/OB | F51: Dedicated clinical for Orthopaedic consultation
C52: Availability of OPD Orthopaedic procedure | D52: 2 | E52: SI/OB | F52: plaster room procedure
A53: ME A1.8 | B53: The facility provides Skin & VD Services | C53: Availability of functional Skin & VD Clinic | D53: 2 | E53: SI/OB | F53: Dedicated Clinic providing consultation services
A54: ME A1.9 | B54: The facility provides Psychiatry Services | C54: Availability of functional Psychiatry Clinic | D54: 2 | E54: SI/OB | F54: Dedicated Clinic providing consultation services
A55: ME A1.10 | B55: The facility provides Dental Treatment Services | C55: Availability of functional Dental Clinic | D55: 2 | E55: SI/OB | F55: Dedicated Clinic providing consultation services
C56: Availability of OPD Dental procedure | D56: 2 | E56: SI/OB | F56: Accompanied by dental lab. Extraction, scaling, tooth extraction, denture and Restoration.
A57: ME A1.11 | B57: The facility provides AYUSH Services | C57: Availability of Functional Ayush clinic | D57: 2 | E57: SI/OB | F57: AYUSH clinic accompanied by dispensary
A58: ME A1.12 | B58: The facility provides Physiotherapy Services | C58: Availability of Functional Physiotherapy Unit | D58: 2 | E58: SI/OB | F58: Pain Management with cryotherapy, Pain Management with deep heat therapy (SWD), Increase range of motion with mobilization,
A59: ME A1.13 | B59: The facility provides services for OPD procedures | C59: Availability of Dressing facilities at OPD | D59: 2 | E59: SI/OB | F59: Dressing, Suturing and drainage
C60: Availability of Injection room facilities at OPD | D60: 2 | E60: SI/OB
A61: ME A1.14 | B61: Services are available for the time period as mandated | C61: At least 6 Hours of OPD Services are available | D61: 2 | E61: SI/RR
A62: ME A1.15 | B62: The facility provides services for Super specialties, as mandated | C62: Availability of functional Cardiology clinic | D62: 2 | E62: SI/OB
C63: Availability of functional gastro entomology clinic | D63: 2 | E63: SI/OB
C64: Availability of functional nephrology clinic | D64: 2 | E64: SI/OB
C65: Availability of functional Neurology clinic | D65: 2 | E65: SI/OB
C66: Availability of functional endocrinology Clinic is available | D66: 2 | E66: SI/OB | G66: 343432
C67: Availability of functional Oncology Clinic | D67: 2 | E67: SI/OB
C68: Availability of functional nuclear medicine clinic is available | D68: 2 | E68: SI/OB
A69: ME A1.16 | B69: The facility provides Accident & Emergency Services
A70: ME A1.17 | B70: The facility provides Intensive care Services
A71: ME A1.18 | B71: The facility provides Blood bank & transfusion services
A72: Standard A2 | B72: Facility provides RMNCHA Services | H72: =SUM(D74:D78) -> 4 | I72: =COUNT(D74:D78)*2 -> 4
A73: ME A2.1 | B73: The facility provides Reproductive health Services
A74: ME A2.2 | B74: The facility provides Maternal health Services | C74: Availability of functional ANC clinic | E74: SI/OB
A75: ME A2.3 | B75: The facility provides Newborn health Services | C75: Availability of Functional immunization clinic | E75: SI/OB
A76: ME A2.4 | B76: The facility provides Child health Services | C76: Availability Functional IYCF clinic | D76: 2 | E76: SI/OB
C77: Services under RBSK | D77: 2 | E77: SI/OB
A78: ME A2.5 | B78: The facility provides Adolescent health Services | C78: Availability of Functional ARSH clinic | E78: SI/OB
A79: Standard A3 | B79: Facility Provides diagnostic Services | H79: =SUM(D81:D83) -> 6 | I79: =COUNT(D81:D83)*2 -> 6
A80: ME A3.1 | B80: The facility provides Radiology Services
A81: ME A3.2 | B81: The facility Provides Laboratory Services | C81: Availability of Sample collection Centre | D81: 2 | E81: SI/OB
A82: ME A3.3 | B82: The facility provides other diagnostic services, as mandated | C82: Functional ECG Services are available | D82: 2 | E82: SI/OB
C83: Availability of TMT services | D83: 2 | E83: SI/OB
A84: Standard A4 | B84: Facility provides services as mandated in national Health Programs/ state scheme | H84: =SUM(D85:D102) -> 34 | I84: =COUNT(D85:D102)*2 -> 34
A85: ME A4.1 | B85: The facility provides services under National Vector Borne Disease Control Programme as per guidelines | C85: Availability of OPD Services Under NVBDCP | D85: 2 | E85: SI/RR | F85: OPD Management of Malaeria, Kala Azar, Dengue
A86: ME A4.2 | B86: The facility provides services under Revised National TB Control Programme as per guidelines | C86: Availability of Functional DOTS clinic | D86: 2 | E86: SI/OB
A87: ME A4.3 | B87: The facility provides services under National Leprosy Eradication Programme as per guidelines | C87: Availability of OPD services under NLEP | D87: 2 | E87: SI/RR
C88: Assessment of Disability Status | D88: 2 | E88: SI/RR
C89: Supply of Customized Foot wear | D89: 2 | E89: SI/RR
A90: ME A4.4 | B90: The facility provides services under National AIDS Control Programme as per guidelines | C90: Availability of Functional ICTC | D90: 2 | E90: SI/OB
C91: Availability of HIV Testing and Counselling | D91: 2 | E91: SI/RR
C92: PPTCT Services for HIV positive Pregnant Women | D92: 2 | E92: SI/OB
C93: Availability of Functional ART Centre | D93: 2 | E93: SI/OB
C94: Availability of CD4 testing facility | D94: 2 | E94: SI/OB
A95: ME A4.5 | B95: The facility provides services under National Programme for prevention and control of Blindness as per guidelines | C95: Screening and early detection of visual impairment and refraction | D95: 2 | E95: SI/RR | F95: Refraction, syringing and probing, foreign body removal, Tonometery and retinoscopy
C96: Availability of OPD procedures | D96: 2 | E96: SI/OB | F96: Syringing and probing, foreign body removal , Tonometry ,Perimetry, Retinoscopy, Retrobulbar Injection
A97: ME A4.6 | B97: The facility provides services under Mental Health Programme as per guidelines | C97: Availability of counselling centre for Suicide prevention | D97: 2 | E97: SI/OB
A98: ME A4.7 | B98: The facility provides services under National Programme for the health care of the elderly as per guidelines | C98: Dedicated Geriatric Clinic | D98: 2 | E98: SI/OB
A99: ME A4.8 | B99: The facility provides services under National Programme for Prevention and control of Cancer, Diabetes, Cardiovascular diseases & Stroke (NPCDCS) as per guidelines | C99: Functional NCD clinic is available | D99: 2 | E99: SI/OB
A100: ME A4.9 | B100: The facility Provides services under Integrated Disease Surveillance Programme as per Guidelines | E100: SI/RR
A101: ME A4.10 | B101: The facility provide services under National health Programme for deafness | C101: Management of case referred from PHC/CHC directly reported to Hospital | D101: 2 | E101: SI/RR
A102: ME A4.11 | B102: The facility provides services as per State specific health programmes | C102: Availability of OPD services as per State Health Programs | D102: 2 | E102: SI/RR
A103: Standard A5 | B103: Facility provides support services | H103: =SUM(D104:D110) -> 0 | I103: =COUNT(D104:D110)*2 -> 0
...

Sheet IPD
A1: National Quality Assurance Standards for District Hospitals
A2: Checklist for Indoor Patient Department | H2: 3
A3: Assessment Summary
A4: Name of the Hospital | F4: Date of Assessment
A5: Names of Assessors | F5: Names of Assessees
A6: Type of Assessment (Internal/External) | F6: Action plan Submission Date
A7: Indoor Patient Department Score Card
A8: Area of Concern wise Score | D8: IPD Score
A9: A | B9: Service Provision | C9: =IPD!D648 -> 1 | D9: =D656 -> 1
A10: B | B10: Patient Rights | C10: =IPD!D649 -> 1
A11: C | B11: Inputs | C11: =IPD!D650 -> 1
A12: D | B12: Support Services | C12: =IPD!D651 -> 1
A13: E | B13: Clinical Services | C13: =IPD!D652 -> 1
A14: F | B14: Infection Control | C14: =IPD!D653 -> 1
A15: G | B15: Quality Management | C15: =IPD!D654 -> 1
A16: H | B16: Outcome | C16: =IPD!D655 -> 1
B18: Major Gaps Observed
A19: 1
A20: 2
A21: 3
A22: 4
A23: 5
B24: Strengths / Good Practices
A25: 1
A26: 2
A27: 3
A28: 4
A29: 5
B30: Recommendations/ Opportunites for Improvement
A31: 1
A32: 2
A33: 3
A34: 4
A35: 5
B36: Signature of Assessors
B37: Date
A41: Checklist for IPD
A42: Reference No/ | B42: ME Statement | C42: Checkpoints | D42: Compliance | E42: Assessment Method | F42: Means of verification | G42: Remarks
B43: Area of Concern - A Service Provision | H43: =H44+H75+H95 -> 36 | I43: =I44+I75+I95 -> 36
A44: Standard A1 | B44: The facility provides Curative Services | H44: =SUM(D45:D62) -> 22 | I44: =COUNT(D45:D62)*2 -> 22
A45: ME A1.1 | B45: The facility provides General Medicine services | C45: Availability of general medicine indoor services | D45: 2 | E45: SI/OB
C46: Availability of isolation ward services | D46: 2 | E46: SI/OB
A47: ME A1.2 | B47: The facility provides General Surgery services | C47: Availability of general surgery indoor services | D47: 2 | E47: SI/OB
C48: Availability of burn ward indoor services | D48: 2 | E48: SI/OB
A49: ME A1.3 | B49: The facility provides Obstetrics & Gynaecology Services
A50: ME A1.4 | B50: The facility provides Paediatric Services
A51: ME A1.5 | B51: The facility provides Ophthalmology Services | C51: Availability of ophthalmology indoor services | D51: 2 | E51: SI/OB
A52: ME A1.6 | B52: The facility provides ENT Services
A53: ME A1.7 | B53: The facility provides Orthopaedics Services | C53: Availability of Orthopaedics indoor services | D53: 2 | E53: SI/OB
A54: ME A1.8 | B54: The facility provides Skin & VD Services
A55: ME A1.9 | B55: The facility provides Psychiatry Services | C55: Availability of Psychiatry Indoor services | D55: 2 | E55: SI/OB
A56: ME A1.10 | B56: The facility provides Dental Treatment Services
A57: ME A1.11 | B57: The facility provides AYUSH Services
A58: ME A1.12 | B58: The facility provides Physiotherapy Services | C58: Availability of Indoor Physiotherapy Procedures | D58: 2 | E58: SI/OB
A59: ME A1.13 | B59: The facility provides services for OPD procedures
A60: ME A1.14 | B60: Services are available for the time period as mandated | C60: Availability of nursing services 24X7 | D60: 2 | E60: SI/OB
A61: ME A1.15 | B61: The facility provides services for Super specialties, as mandated | C61: Availability of dialysis services | D61: 2 | E61: SI/OB
A62: ME A1.16 | B62: The facility provides Accident & Emergency Services | C62: Availability of accident & trauma ward | D62: 2 | E62: SI/OB
A63: ME A1.17 | B63: The facility provides Intensive care Services
A64: ME A1.18 | B64: The facility provides Blood bank & transfusion services
A65: Standard A2 | B65: The facility provides RMNCHA Services
A66: ME A2.1 | B66: The facility provides Reproductive health Services
A67: ME A2.2 | B67: The facility provides Maternal health Services
A68: ME A2.3 | B68: The facility provides Newborn health Services
A69: ME A2.4 | B69: The facility provides Child health Services
A70: ME A2.5 | B70: The facility provides Adolescent health Services
A71: Standard A3 | B71: The facility Provides diagnostic Services
A72: ME A3.1 | B72: The facility provides Radiology Services
A73: ME A3.2 | B73: The facility Provides Laboratory Services
A74: ME A3.3 | B74: The facility provides other diagnostic services, as mandated
A75: Standard A4 | B75: The facility provides services as mandated in national Health Programmes/ state scheme | H75: =SUM(D76:D82) -> 12 | I75: =COUNT(D76:D82)*2 -> 12
A76: ME A4.1 | B76: The facility provides services under National Vector Borne Disease Control Programme as per guidelines | C76: Availability of Indoor services for Management | D76: 2 | E76: SI/RR | F76: Maleria Kalaazar Dengue & Chikunguna AES/Japanese Encephalitis as prevelant locally
A77: ME A4.2 | B77: The facility provides services under Revised National TB Control Programme as per guidelines | C77: Indoor treatment of TB patients requires hospitalization | D77: 2 | E77: SI/RR
A78: ME A4.3 | B78: The facility provides services under National Leprosy Eradication Programme as per guidelines | C78: Inpatient Management of severly ill cases | D78: 2 | E78: SI/RR
A79: ME A4.4 | B79: The facility provides services under National AIDS Control Programme as per guidelines | C79: Inpatient care for cases require hospitilization | D79: 2 | E79: SI/RR
A80: ME A4.5 | B80: The facility provides services under National Programme for prevention and control of Blindness as per guidelines | C80: Availabily of Opthalmic ward | D80: 2 | E80: SI/OB
A81: ME A4.6 | B81: The facility provides services under Mental Health Programme as per guidelines
A82: ME A4.7 | B82: The facility provides services under National Programme for the health care of the elderly as per guidelines | C82: Availbilty of Geriatic ward | D82: 2 | E82: SI/OB
A83: ME A4.8 | B83: The facility provides services under National Programme for Prevention and control of Cancer, Diabetes, Cardiovascular diseases & Stroke (NPCDCS) as per guidelines
A84: ME A4.9 | B84: The facility Provides services under Integrated Disease Surveillance Programme as per Guidelines
A85: ME A4.10 | B85: The facility provide services under National health Programme for deafness
A86: ME A4.11 | B86: The facility provides services as per State specific health programmes
A87: Standard A5 | B87: The facility provides support services
A88: ME A5.1 | B88: The facility provides dietary services
A89: ME A5.2 | B89: The facility provides laundry services
A90: ME A5.3 | B90: The facility provides security services
A91: ME A5.4 | B91: The facility provides housekeeping services
A92: ME A5.5 | B92: The facility ensures maintenance services
A93: ME A5.6 | B93: The facility provides pharmacy services
A94: ME A5.7 | B94: The facility has services of medical record department
A95: Standard A6 | B95: Health services provided at the facility are appropriate to community needs. | H95: =SUM(D96) -> 2 | I95: =COUNT(D96)*2 -> 2
A96: ME A6.1 | B96: The facility provides curatives & preventive services for the health problems and diseases, prevalent locally. | C96: Availability of indoor Services as per local prevalent disease | D96: 2 | E96: SI/RR
A97: ME A6.2 | B97: There is process for consulting community/ or their representatives when planning or revising scope of services of the facility
B98: Area of Concern - B Patient Rights | H98: =H99+H113+H126+H136+H142+H150 -> 78 | I98: =I99+I113+I126+I136+I142+I150 -> 78
A99: Standard B1 | B99: The facility provides the information to care seekers, attendants & community about the available services and their modalities | H99: =SUM(D100:D112) -> 22 | I99: =COUNT(D100:D112)*2 -> 22
A100: ME B1.1 | B100: The facility has uniform and user-friendly signage system | C100: Availability departmental signage's | D100: 2 | E100: OB | F100: (Numbering, main department and internal sectional signage
C101: Display of layout/floor directory | D101: 2 | E101: OB
C102: Visiting hours and visitor policy are displayed | D102: 2 | E102: OB
A103: ME B1.2 | B103: The facility displays the services and entitlements available in its departments | C103: List of services available are displayed | D103: 2 | E103: OB
C104: Entitlement under different national health program | D104: 2 | E104: OB
...

Sheet Ped Ward
A1: National Quality Assurance Standards for District Hospitals
A2: Checklist for Paediatrics Ward | H2: 4
A3: Assessment Summary
A4: Name of the Hospital | F4: Date of Assessment
A5: Names of Assessors | F5: Names of Assessees
A6: Type of Assessment (Internal/External) | F6: Action plan Submission Date
A7: Paediatrics Ward Score Card
A8: Area of Concern wise Score | D8: Paediatrics Ward Score
A9: A | B9: Service Provision | C9: ='Ped Ward'!D670 -> 1 | D9: =D678 -> 1
A10: B | B10: Patient Rights | C10: ='Ped Ward'!D671 -> 1
A11: C | B11: Inputs | C11: ='Ped Ward'!D672 -> 1
A12: D | B12: Support Services | C12: ='Ped Ward'!D673 -> 1
A13: E | B13: Clinical Services | C13: ='Ped Ward'!D674 -> 1
A14: F | B14: Infection Control | C14: ='Ped Ward'!D675 -> 1
A15: G | B15: Quality Management | C15: ='Ped Ward'!D676 -> 1
A16: H | B16: Outcome | C16: ='Ped Ward'!D678 -> 1
B18: Major Gaps Observed
A19: 1
A20: 2
A21: 3
A22: 4
A23: 5
B24: Strengths / Good Practices
A25: 1
A26: 2
A27: 3
A28: 4
A29: 5
B30: Recommendations/ Opportunites for Improvement
A31: 1
A32: 2
A33: 3
A34: 4
A35: 5
B36: Signature of Assessors
B37: Date
A41: Checklist for Paediatrics Ward
A42: Reference No. | B42: Measurable Element | C42: Checkpoint | D42: Compliance Full/Partial/No | E42: Assessment Method | F42: Means of verification | G42: Remarks
B43: Area of Concern - A Service Provision | H43: =H44+H64+H81 -> 34 | I43: =I44+I64+I81 -> 34
A44: Standard A1 | B44: The facility provides Curative Services | H44: =SUM(D48:D59) -> 6 | I44: =COUNT(D48:D59)*2 -> 6
A45: ME A1.1 | B45: The facility provides General Medicine services
A46: ME A1.2 | B46: The facility provides General Surgery services
A47: ME A1.3 | B47: The facility provides Obstetrics & Gynaecology Services
A48: ME A1.4 | B48: The facility provides Paediatric Services | C48: Availability of dedicated paediatric ward | D48: 2 | E48: SI/OB
C49: Availability of isolation room | D49: 2 | E49: SI/OB | F49: Particularly for chicken pox, measles etc.)
A50: ME A1.5 | B50: The facility provides Ophthalmology Services
A51: ME A1.6 | B51: The facility provides ENT Services
A52: ME A1.7 | B52: The facility provides Orthopaedics Services
A53: ME A1.8 | B53: The facility provides Skin & VD Services
A54: ME A1.9 | B54: The facility provides Psychiatry Services
A55: ME A1.10 | B55: The facility provides Dental Treatment Services
A56: ME A1.11 | B56: The facility provides AYUSH Services
A57: ME A1.12 | B57: The facility provides Physiotherapy Services
A58: ME A1.13 | B58: The facility provides services for OPD procedures
A59: ME A1.14 | B59: Services are available for the time period as mandated | C59: Availability of nursing care services 24X7 | D59: 2 | E59: SI/RR
A60: ME A1.15 | B60: The facility provides services for Super specialties, as mandated
A61: ME A1.16 | B61: The facility provides Accident & Emergency Services
A62: ME A1.17 | B62: The facility provides Intensive care Services
A63: ME A1.18 | B63: The facility provides Blood bank & transfusion services
A64: Standard A2 | B64: The facility provides RMNCHA Services | H64: =SUM(D68:D75) -> 16 | I64: =COUNT(D68:D75)*2 -> 16
A65: ME A2.1 | B65: The facility provides Reproductive health Services
A66: ME A2.2 | B66: The facility provides Maternal health Services
A67: ME A2.3 | B67: The facility provides Newborn health Services
A68: ME A2.4 | B68: The facility provides Child health Services | C68: Indoor Management of Severe Acute Malnutrition | D68: 2 | E68: SI/RR
C69: Indoor Management of Severe Diarrhoea with severe dehydration | D69: 2 | E69: SI/RR
C70: Indoor Management of Meningitis | D70: 2 | E70: SI/RR
C71: Indoor Management of Acute respiratory infections | D71: 2 | E71: SI/RR
C72: Seizers and convulsions | D72: 2 | E72: SI/RR
C73: Shock | D73: 2 | E73: SI/RR
C74: Accidental poisoning | D74: 2 | E74: SI/RR
C75: Services Under RBSY /Ayushman Bharat/State scheme | D75: 2 | E75: SI/RR
A76: ME A2.5 | B76: The facility provides Adolescent health Services
A77: Standard A3 | B77: The facility Provides diagnostic Services
A78: ME A3.1 | B78: The facility provides Radiology Services
A79: ME A3.2 | B79: The facility Provides Laboratory Services
A80: ME A3.3 | B80: The facility provides other diagnostic services, as mandated
A81: Standard A4 | B81: The facility provides services as mandated in national Health Programmes/ state scheme | H81: =SUM(D82:D95) -> 12 | I81: =COUNT(D82:D95)*2 -> 12
A82: ME A4.1 | B82: The facility provides services under National Vector Borne Disease Control Programme as per guidelines | C82: Indoor management of malaria | D82: 2 | E82: SI/RR | F82: check the records for management of cases in last one year
C83: Indoor management of Chikungunia | D83: 2 | E83: SI/RR | F83: check the records for management of cases in last one year
C84: Indoor management of JE | D84: 2 | E84: SI/RR | F84: check the records for management of cases in last one year
A85: ME A4.2 | B85: The facility provides services under Revised National TB Control Programme as per guidelines | C85: Management of paediateric Tuberculosis | D85: 2 | E85: SI/RR
A86: ME A4.3 | B86: The facility provides services under National Leprosy Eradication Programme as per guidelines
A87: ME A4.4 | B87: The facility provides services under National AIDS Control Programme as per guidelines
A88: ME A4.5 | B88: The facility provides services under National Programme for preventation and control of Blindness as per guidelines
A89: ME A4.6 | B89: The facility provides services under Mental Health Programme as per guidelines
A90: ME A4.7 | B90: The facility provides services under National Programme for the health care of the elderly as per guidelines
A91: ME A4.8 | B91: The facility provides services under National Programme for Prevention and control of Cancer, Diabetes, Cardiovascular diseases & Stroke (NPCDCS) as per guidelines
A92: ME A4.9 | B92: The facility Provides services under Integrated Disease Surveillance Programme as per Guidelines
A93: ME A4.10 | B93: The facility provide services under National health Programme for deafness | C93: Referral of child born of High Risk pregnancy showing features suggestive of hearing impairment | D93: 2 | E93: SI/RR
A94: ME A4.11 | B94: The facility provides services as per State specific health programmes
A95: ME A 4.12 | B95: The facility provided services as per Rashtriya bal swasthya Karykram | C95: Availability of services under RBSK | D95: 2 | E95: SI/RR
A96: Standard A5 | B96: The facility provides support services
A97: ME A5.1 | B97: The facility provides dietary services
A98: ME A5.2 | B98: The facility provides laundry services
A99: ME A5.3 | B99: The facility provides security services
A100: ME A5.4 | B100: The facility provides housekeeping services
A101: ME A5.5 | B101: The facility ensures maintenance services
A102: ME A5.6 | B102: The facility provides pharmacy services
A103: ME A5.7 | B103: The facility has services of medical record department
A104: Standard A6 | B104: Health services provided at the facility are appropriate to community needs.
...

Sheet NRC 
A1: National Quality Assurance Standards for District Hospitals
A2: Checklist for Nutrition Rehabilitation Center (NRC) | H2: 5
A3: Assessment Summary
A4: Name of the Hospital | F4: Date of Assessment
A5: Names of Assessors | F5: Names of Assessees
A6: Type of Assessment (Internal/External) | F6: Action plan Submission Date
A7: NRC Score Card
A8: Area of Concern wise Score | D8: NRC Score
A9: A | B9: Service Provision | C9: ='NRC '!D688 -> 1 | D9: =D696 -> 1
A10: B | B10: Patient Rights | C10: ='NRC '!D689 -> 1
A11: C | B11: Inputs | C11: ='NRC '!D690 -> 1
A12: D | B12: Support Services | C12: ='NRC '!D691 -> 1
A13: E | B13: Clinical Services | C13: ='NRC '!D692 -> 1
A14: F | B14: Infection Control | C14: ='NRC '!D693 -> 1
A15: G | B15: Quality Management | C15: ='NRC '!D694 -> 1
A16: H | B16: Outcome | C16: ='NRC '!D695 -> 1
B18: Major Gaps Observed
A19: 1
A20: 2
A21: 3
A22: 4
A23: 5
B24: Strengths / Good Practices
A25: 1
A26: 2
A27: 3
A28: 4
A29: 5
B30: Recommendations/ Opportunites for Improvement
A31: 1
A32: 2
A33: 3
A34: 4
A35: 5
B36: Signature of Assessors
B37: Date
A41: Checklist for NRC
A42: Reference no. | B42: Measurable Elements | C42: Checkpoint | D42: Compliance/Full/ Partial/No | E42: Assessment Method | F42: Means of verification | G42: Remarks
B43: Area of Concern - A Service Provision | H43: =H44+H63+H78+H94 -> 28 | I43: =I44+I63+I78+I94 -> 28
A44: Standard A1 | B44: Facility Provides Curative Services | H44: =SUM(D48:D58) -> 4 | I44: =COUNT(D48:D58)*2 -> 4
A45: ME A1.1 | B45: The Facility Provides of General Medicine Services
A46: ME A1.2 | B46: The Facility Provides General Surgeries Services
A47: ME A1.3 | B47: The Facility Provides Obstetrics & Gynaecology Services
A48: ME A1.4 | B48: The Facility Provides Paediatric Services | C48: Availability of functional NRC | D48: 2 | E48: SI/OB | F48: For detail service provision kindly refer A2.4
A49: ME A1.5 | B49: The Facility provides Ophthalmology Services
A50: ME A1.6 | B50: The Facility provides ENT Services
A51: ME A1.7 | B51: The Facility provides Orthopaedics Services
A52: ME A1.8 | B52: The Facility provides Skin & VD Services
A53: ME A1.9 | B53: The Facility Provides Psychiatry Services
A54: ME A1.10 | B54: The Facility Provides Dental Treatment Services
A55: ME A1.11 | B55: The Facility Provides AYUSH Services
A56: ME A1.12 | B56: The Facility provides Physiotherapy Services
A57: ME A1.13 | B57: The Facility provides services for OPD procedures
A58: ME A1.14 | B58: Services are available for the time period as mandated | C58: Availability of nursing care services 24X7 | D58: 2 | E58: SI/RR
A59: ME A1.15 | B59: The Facility provides services for Super specialties, as mandated
A60: ME A1.16 | B60: The Facility Provides Accident & Emergency Services
A61: ME A1.17 | B61: The Facility Provides Intensive care Services
A62: ME A1.18 | B62: The Facility provides blood bank and transfusion services
A63: Standard A2 | B63: Facility provides RMNCHA Services | H63: =SUM(D67:D76) -> 20 | I63: =COUNT(D67:D76)*2 -> 20
A64: ME A2.1 | B64: The Facility provides Reproductive health Services
A65: ME A2.2 | B65: The Facility provides maternal health Services
A66: ME A2.3 | B66: The Facility provides Newborn health Services
A67: ME A2.4 | B67: The Facility provides child health Services | C67: Management of hypoglycaemia as per the guideline | D67: 2 | E67: SI/RR
C68: Management of hypothermia as per the guideline | D68: 2 | E68: SI/RR
C69: Management of dehydration in the children with SAM, without shock as per the guideline | D69: 2 | E69: SI/RR
C70: Management of SAM child with shock as per the guideline | D70: 2 | E70: SI/RR
C71: Management of infection is done as per the guideline. | D71: 2 | E71: SI/RR
C72: Management of SAM children less than 6 month | D72: 2 | E72: SI/RR
C73: Management of SAM in HIV exposed/HIV infected and TB infected children as per the guideline | D73: 2 | E73: SI/RR
C74: Provision of Therapeutic feeding as per guideline | D74: 2 | E74: SI/RR/OB
C75: Counselling on appropriate feeding, care and hygiene as per guideline | D75: 2 | E75: SI/RR/OB
C76: Demonstration and practice- by -doing on preparation of energy dense child food using locally available item | D76: 2 | E76: SI/RR/OB
A77: ME A2.5 | B77: The Facility provides adolescent health Services
A78: Standard A3 | B78: Facility Provides diagnostic Services | H78: =SUM(D80) -> 2 | I78: =COUNT(D80)*2 -> 2
A79: ME A3.1 | B79: The Facility provides Radiology Services
A80: ME A3.2 | B80: The Facility Provides Laboratory Services | C80: NRC has facility /Linkage for laboratory investigation | D80: 2 | E80: SI/OB | F80: Availability of Side lab. Blood glucose, Haemoglobin, Serum electrolyte, TLC, DLC, urine routine, urine culture,Mantoux test, HIV (after counselling) and any specific test based on local and geographic needs like coeliac disease and malaria. If linkage to outside lab than give partial compliance
A81: ME A3.3 | B81: Facility provides other diagnostic services, as mandated
A82: Standard A4 | B82: Facility provides services as mandated in national Health Programs/ state scheme
A83: ME A4.1 | B83: The facility provides services under National Vector Borne Disease Control Programme as per guidelines
A84: ME A4.2 | B84: The facility provides services under Revised National TB Control Programme as per guidelines
A85: ME A4.3 | B85: The facility provides services under National Leprosy Eradication Programme as per guidelines
A86: ME A4.4 | B86: The facility provides services under National AIDS Control Programme as per guidelines
A87: ME A4.5 | B87: The facility provides services under National Programme for control of Blindness as per guidelines
A88: ME A4.6 | B88: The facility provides services under Mental Health Programme as per guidelines
A89: ME A4.7 | B89: The facility provides services under National Programme for the health care of the elderly as per guidelines
A90: ME A4.8 | B90: The facility provides services under National Programme for Prevention and control of Cancer, Diabetes, Cardiovascular diseases & Stroke (NPCDCS) as per guidelines
A91: ME A4.9 | B91: The facility Provides services under Integrated Disease Surveillance Programme as per Guidelines
A92: ME A4.10 | B92: The facility provide services under National health Programme for deafness
A93: ME A4.11 | B93: The facility provides services as per State specific health programmes
A94: Standard A5 | B94: Facility provides support services | H94: =SUM(D95) -> 2 | I94: =COUNT(D95)*2 -> 2
A95: ME A5.1 | B95: The facility provides dietary services | C95: Availability of functional nutritional services | D95: 2 | E95: SI/OB
A96: ME A5.2 | B96: The facility provides laundry services
A97: ME A5.3 | B97: The facility provides security services
A98: ME A5.4 | B98: The facility provides housekeeping services
A99: ME A5.5 | B99: The facility ensures maintenance services
A100: ME A5.6 | B100: The facility provides pharmacy services
A101: ME A5.7 | B101: The facility has services of medical record department
A102: Standard A6 | B102: Health services provided at the facility are appropriate to community needs.
A103: ME A6.1 | B103: The facility provides curatives & preventive services for the health problems and diseases, prevalent locally.
A104: ME A6.2 | B104: There is process for consulting community/ or their representatives when planning or revising scope of services of the facility
...

Sheet OT
A1: National Quality Assurance Standards for District Hospitals
A2: Checklist for Operation Theatre | H2: 6
A3: Assessment Summary
A4: Name of the Hospital | F4: Date of Assessment
A5: Names of Assessors | F5: Names of Assessees
A6: Type of Assessment (Internal/External) | F6: Action plan Submission Date
A7: Operation Theatre Score Card
A8: Area of Concern wise Score | D8: Operation Theatre Score
A9: A | B9: Service Provision | C9: =OT!D703 -> 1 | D9: =D711 -> 1
A10: B | B10: Patient Rights | C10: =OT!D704 -> 1
A11: C | B11: Inputs | C11: =OT!D705 -> 1
A12: D | B12: Support Services | C12: =OT!D706 -> 1
A13: E | B13: Clinical Services | C13: =OT!D707 -> 1
A14: F | B14: Infection Control | C14: =OT!D708 -> 1
A15: G | B15: Quality Management | C15: =OT!D709 -> 1
A16: H | B16: Outcome | C16: =OT!D710 -> 1
B18: Major Gaps Observed
A19: 1
A20: 2
A21: 3
A22: 4
A23: 5
B24: Strengths / Good Practices
A25: 1
A26: 2
A27: 3
A28: 4
A29: 5
B30: Recommendations/ Opportunites for Improvement
A31: 1
A32: 2
A33: 3
A34: 4
A35: 5
B36: Signature of Assessors
B37: Date
A41: Checklist for Operation Theatre
A42: Reference No. | B42: ME Statement | C42: Checkpoint | D42: Compliance | E42: Assessment Method | F42: Means of Verification | G42: Remarks
B43: Area of Concern - A Service Provision | H43: =H44+H63+H71+H75 -> 26 | I43: =I44+I63+I71+I75 -> 26
A44: Standard A1 | B44: Facility Provides Curative Services | H44: =SUM(D46:D60) -> 16 | I44: =COUNT(D46:D60)*2 -> 16
A45: ME A1.1 | B45: The facility provides General Medicine services
A46: ME A1.2 | B46: The facility provides General Surgery services | C46: Availability of General Surgery procedures | D46: 2 | E46: SI/OB | F46: Appendectomy, Intestinal Obstruction, Perforation, Tongue Tie, Inguinal Hernia
A47: ME A1.3 | B47: The facility provides Obstetrics & Gynaecology Services | C47: Availability of Gynaecology procedures | E47: SI/OB | F47: D & E, Hysterectomy . For Obstetric procedure kindly see A2.2
A48: ME A1.4 | B48: The facility provides Paediatric Services | C48: Availability of Paediatric Surgery procedure | D48: 2 | E48: SI/OB | F48: I&D, Pepuceal Dilation, Meatomy, Gland Biopsy, Reduction Paraphimosis, Brachial/Thyoglossal Cyst and Fistula, Inguinal Herniotomy, Neonatal Intestinal Obstruction
A49: ME A1.5 | B49: The facility provides Ophthalmology Services | C49: Availability of Ophthalmic Surgery procedures | D49: 2 | E49: SI/OB | F49: Cataract Extraction with IOL, Canthotomy, Paracentesis, Enucleation, Glaucoma, Cunjuctival Cyst,
A50: ME A1.6 | B50: The facility provides ENT Services | C50: Availability of ENT surgical procedure | D50: 2 | E50: SI/OB | F50: Nose, Ear and Throat surgical procedures ﻿Packing , Antral Puncture , Fracture Reduction, Mastoid Abscess I & D, ﻿Mastoidectomy Stapedotomy, Adenoidectomy, Tonsillectomy
A51: ME A1.7 | B51: The facility provides Orthopaedics Services | C51: Availability of Orthopaedic surgical procedures | D51: 2 | E51: SI/OB | F51: Open and Closed Reduction, Nailing and Plating, Amputation, Disarticulation of Hip and Shoulder
A52: ME A1.8 | B52: The facility provides Skin & VD Services
A53: ME A1.9 | B53: The facility provides Psychiatry Services
A54: ME A1.10 | B54: The facility provides Dental Treatment Services | C54: Availability of Oral surgery procedures | D54: 2 | E54: SI/OB | F54: Trauma Including Vehicular Accidents , Fracture Wiring
A55: ME A1.11 | B55: The facility provides AYUSH Services
A56: ME A1.12 | B56: The facility provides Physiotherapy Services
A57: ME A1.13 | B57: The facility provides services for OPD procedures
A58: ME A1.14 | B58: Services are available for the time period as mandated | C58: OT Services are available 24X7 | D58: 2 | E58: SI/RR
A59: ME A1.15 | B59: The facility provides services for Super specialties, as mandated
A60: ME A1.16 | B60: The facility provides Accident & Emergency Services | C60: Availability of Emergency OT services as and even when required | D60: 2 | E60: SI/OB
A61: ME A1.17 | B61: The facility provides Intensive care Services
A62: ME A1.18 | B62: The facility provides Blood bank & transfusion services
A63: Standard A2 | B63: Facility provides RMNCHA Services | H63: =SUM(D64:D69) -> 2 | I63: =COUNT(D64:D69)*2 -> 2
A64: ME A2.1 | B64: The facility provides Reproductive health Services | C64: Availability of Post partum sterilization services | E64: SI/OB | F64: tubal ligation
A65: ME A2.2 | B65: The facility provides Maternal health Services | C65: Availability of C-section services | E65: SI/OB
C66: Availability of OT for Management of complications | E66: SI/OB
A67: ME A2.3 | B67: The facility provides Newborn health Services | C67: Availability of New born resuscitation | E67: SI/OB
C68: Availability of essential new born care | E68: SI/OB
A69: ME A2.4 | B69: The facility provides Child health Services | C69: Availability of Paediatric surgical Procedure under RBSY | D69: 2 | E69: SI/OB | F69: Developmental Dysplasia of the Hip,Congenital Cataract, cleft lip and palate
A70: ME A2.5 | B70: The facility provides Adolescent health Services
A71: Standard A3 | B71: Facility Provides diagnostic Services | H71: =SUM(D72:D73) -> 4 | I71: =COUNT(D72:D73)*2 -> 4
A72: ME A3.1 | B72: The facility provides Radiology Services | C72: Availability of C arm services | D72: 2 | E72: SI/OB
A73: ME A3.2 | B73: The facility Provides Laboratory Services | C73: Availability of point of care diagnostic test | D73: 2 | E73: SI/OB | F73: Blood gas analyser& USG
A74: ME A3.3 | B74: The facility provides other diagnostic services, as mandated
A75: Standard A4 | B75: Facility provides services as mandated in national Health Programs/ state scheme | H75: =SUM(D78:D79) -> 4 | I75: =COUNT(D78:D79)*2 -> 4
A76: ME A4.1 | B76: The facility provides services under National Vector Borne Disease Control Programme as per guidelines
A77: ME A4.2 | B77: The facility provides services under Revised National TB Control Programme as per guidelines
A78: ME A4.3 | B78: The facility provides services under National Leprosy Eradication Programme as per guidelines | C78: Availability of Reconstructive Surgery | D78: 2 | E78: SI/OB
C79: Availability of Amputation Surgery | D79: 2 | E79: SI/OB
A80: ME A4.4 | B80: The facility provides services under National AIDS Control Programme as per guidelines
A81: ME A4.5 | B81: The facility provides services under National Programme for prevention and control of Blindness as per guidelines
A82: ME A4.6 | B82: The facility provides services under Mental Health Programme as per guidelines
A83: ME A4.7 | B83: The facility provides services under National Programme for the health care of the elderly as per guidelines
A84: ME A4.8 | B84: The facility provides services under National Programme for Prevention and control of Cancer, Diabetes, Cardiovascular diseases & Stroke (NPCDCS) as per guidelines
A85: ME A4.9 | B85: The facility Provides services under Integrated Disease Surveillance Programme as per Guidelines
A86: ME A4.10 | B86: The facility provide services under National health Programme for deafness
A87: ME A4.11 | B87: The facility provides services as per State specific health programmes
A88: Standard A5 | B88: Facility provides support services
A89: ME A5.1 | B89: The facility provides dietary services
A90: ME A5.2 | B90: The facility provides laundry services
A91: ME A5.3 | B91: The facility provides security services
... A98: ME A6.2 | B98: There is process for consulting community/ or their representatives when planning or revising scope of services of the facility
B99: Area of Concern - B Patient Rights | H99: =H100+H112+H119+H126+H133+H141 -> 48 | I99: =I100+I112+I119+I126+I133+I141 -> 48
A100: Standard B1 | B100: Facility provides the information to care seekers, attendants & community about the available services and their modalities | H100: =SUM(D101:D109) -> 12 | I100: =COUNT(D101:D109)*2 -> 12
A101: ME B1.1 | B101: The facility has uniform and user-friendly signage system | C101: Availability of departmental signage's | D101: 2 | E101: OB | F101: (Numbering, main department and internal sectional signage
C102: Signage for restricted area are displayed | D102: 2 | E102: OB
C103: Zones of OT are marked | D103: 2 | E103: OB
A104: ME B1.2 | B104: The facility displays the services and entitlements available in its departments | C104: Display doctor/ Nurse on duty and updated | D104: 2 | E104: OB
C105: OT schedule displayed | D105: 2 | E105: OB
A106: ME B1.3 | B106: The facility has established citizen charter, which is followed at all levels
A107: ME B1.4 | B107: User charges are displayed and communicated to patients effectively
A108: ME B1.5 | B108: Patients & visitors are sensitised and educated through appropriate IEC / BCC approaches
A109: ME B1.6 | B109: Information is available in local language and easy to understand | C109: Signage's and information are available in local language | D109: 2 | E109: OB
A110: ME B1.7 | B110: The facility provides information to patients and visitor through an exclusive set-up.
...

Sheet Blood Bank
A1: National Quality Assurance Standards for District Hospitals
A2: Checklist for Blood Bank | H2: 7
A3: Assessment Summary
A4: Name of the Hospital | F4: Date of Assessment
A5: Names of Assessors | F5: Names of Assessees
A6: Type of Assessment (Internal/External) | F6: Action plan Submission Date
A7: Blood Bank Score Card
A8: Area of Concern wise Score | D8: Blood Bank Score
A9: A | B9: Service Provision | C9: ='Blood Bank'!D634 -> 1 | D9: =D642 -> 1
A10: B | B10: Patient Rights | C10: ='Blood Bank'!D635 -> 1
A11: C | B11: Inputs | C11: ='Blood Bank'!D636 -> 1
A12: D | B12: Support Services | C12: ='Blood Bank'!D637 -> 1
A13: E | B13: Clinical Services | C13: ='Blood Bank'!D638 -> 1
A14: F | B14: Infection Control | C14: ='Blood Bank'!D639 -> 1
A15: G | B15: Quality Management | C15: ='Blood Bank'!D640 -> 1
A16: H | B16: Outcome | C16: ='Blood Bank'!D641 -> 1
B18: Major Gaps Observed
A19: 1
A20: 2
A21: 3
A22: 4
A23: 5
B24: Strengths / Good Practices
A25: 1
A26: 2
A27: 3
A28: 4
A29: 5
B30: Recommendations/ Opportunites for Improvement
A31: 1
A32: 2
A33: 3
A34: 4
A35: 5
B36: Signature of Assessors
B37: Date
A41: Checklist for Blood Bank
A42: Reference No. | B42: ME Statement | C42: Checkpoint | D42: Compliance | E42: Assessment Method | F42: Means of Verification | G42: Remarks
A43: . | B43: Area of Concern - A Service Provision | H43: =H44+H66+H72+H76+H96 -> 16 | I43: =I44+I66+I72+I76+I96 -> 16
A44: Standard A1. | B44: Facility Provides Curative Services | H44: =SUM(D58:D65) -> 10 | I44: =COUNT(D58:D65)*2 -> 10
A45: ME A1.1 | B45: The facility provides General Medicine services
A46: ME A1.2 | B46: The facility provides General Surgery services
A47: ME A1.3 | B47: The facility provides Obstetrics & Gynaecology Services
A48: ME A1.4 | B48: The facility provides Paediatric Services
A49: ME A1.5 | B49: The facility provides Ophthalmology Services
A50: ME A1.6 | B50: The facility provides ENT Services
A51: ME A1.7 | B51: The facility provides Orthopaedics Services
A52: ME A1.8 | B52: The facility provides Skin & VD Services
A53: ME A1.9 | B53: The facility provides Psychiatry Services
A54: ME A1.10 | B54: The facility provides Dental Treatment Services
A55: ME A1.11 | B55: The facility provides AYUSH Services
A56: ME A1.12 | B56: The facility provides Physiotherapy Services
A57: ME A1.13 | B57: The facility provides services for OPD procedures
A58: ME A1.14. | B58: Services are available for the time period as mandated | C58: Blood bank services available 24X7 | D58: 2 | E58: SI/RR
A59: ME A1.15 | B59: The facility provides services for Super specialties, as mandated
A60: ME A1.16 | B60: The facility provides Accident & Emergency Services
A61: ME A1.17 | B61: The facility provides Intensive care Services
A62: ME A1.18. | B62: The facility provides Blood bank & transfusion services | C62: Blood bank has facility of whole blood collection and Storage | D62: 2 | E62: SI/OB
A63: . | C63: Blood Bank Has facility for Blood Components | D63: 2 | E63: SI/OB | F63: PRC, Platelets Concentrate, FMP, Plasma& Single donor Cryo Precipitate
A64: . | C64: Blood bank has emergency stock of blood | D64: 2 | E64: SI/OB | F64: For A+, B+, O+ and O-
C65: Provision of blood donation camps | D65: 2 | E65: SI/OB
A66: Standard A2 | B66: Facility provides RMNCHA Services | H66: =SUM(D68) -> 0 | I66: =COUNT(D68)*2 -> 0
A67: ME A2.1 | B67: The facility provides Reproductive health Services
A68: ME A2.2 | B68: The facility provides Maternal health Services | C68: Availability of transfusion services | E68: SI/OB
A69: ME A2.3 | B69: The facility provides Newborn health Services
A70: ME A2.4 | B70: The facility provides Child health Services
A71: ME A2.5 | B71: The facility provides Adolescent health Services
A72: Standard A3 | B72: Facility Provides diagnostic Services | H72: =SUM(D74) -> 2 | I72: =COUNT(D74)*2 -> 2
A73: ME A3.1 | B73: The facility provides Radiology Services
A74: ME A3.2 | B74: The facility Provides Laboratory Services | C74: Availability of screening and cross matching services | D74: 2 | E74: SI/OB
A75: ME A3.3 | B75: The facility provides other diagnostic services, as mandated
A76: Standard A4 | B76: Facility provides services as mandated in national Health Programs/ state scheme | H76: =SUM(D77) -> 2 | I76: =COUNT(D77)*2 -> 2
A77: ME A4.1 | B77: The facility provides services under National Vector Borne Disease Control Programme as per guidelines | C77: Availability of platelets for management of Dengue cases | D77: 2 | E77: SI/RR
A78: ME A4.2 | B78: The facility provides services under Revised National TB Control Programme as per guidelines
A79: ME A4.3 | B79: The facility provides services under National Leprosy Eradication Programme as per guidelines
A80: ME A4.4 | B80: The facility provides services under National AIDS Control Programme as per guidelines
A81: ME A4.5 | B81: The facility provides services under National Programme for prevention and control of Blindness as per guidelines
A82: ME A4.6 | B82: The facility provides services under Mental Health Programme as per guidelines
A83: ME A4.7 | B83: The facility provides services under National Programme for the health care of the elderly as per guidelines
A84: ME A4.8 | B84: The facility provides services under National Programme for Prevention and control of Cancer, Diabetes, Cardiovascular diseases & Stroke (NPCDCS) as per guidelines
A85: ME A4.9 | B85: The facility Provides services under Integrated Disease Surveillance Programme as per Guidelines
A86: ME A4.10 | B86: The facility provide services under National health Programme for deafness
A87: ME A4.11 | B87: The facility provides services as per State specific health programmes
A88: Standard A5 | B88: Facility provides support services
A89: ME A5.1 | B89: The facility provides dietary services
... A95: ME A5.7 | B95: The facility has services of medical record department
A96: Standard A6. | B96: Health services provided at the facility are appropriate to community needs. | H96: =SUM(D97) -> 2 | I96: =COUNT(D97)*2 -> 2
A97: ME A6.1. | B97: The facility provides curatives & preventive services for the health problems and diseases, prevalent locally. | C97: Blood Bank provides blood components for thalassemia, dengue, haemophilia etc. as per local need | D97: 2 | E97: SI/RR
A98: ME A6.2. | B98: There is process for consulting community/ or their representatives when planning or revising scope of services of the facility
A99: . | B99: Area of Concern - B Patient Rights | H99: =H100+H112+H118+H123+H130+H137 -> 42 | I99: =I100+I112+I118+I123+I130+I137 -> 42
A100: Standard B1. | B100: Facility provides the information to care seekers, attendants & community about the available services and their modalities | H100: =SUM(D101:D109) -> 16 | I100: =COUNT(D101:D109)*2 -> 16
A101: ME B1.1. | B101: The facility has uniform and user-friendly signage system | C101: Availability of Departmental signages | D101: 2 | E101: OB | F101: (Numbering, main department and internal sectional signage
C102: Directional signage for department is displayed | D102: 2 | E102: OB
A103: ME B1.2. | B103: The facility displays the services and entitlements available in its departments | C103: List of services available are displayed | D103: 2 | E103: OB
A104: . | C104: Blood bank has displayed of Information regarding donors eligibility | D104: 2 | E104: OB
C105: Blood bank has displayed information regarding number of blood units available | D105: 2 | E105: OB
A106: ME B1.3 | B106: The facility has established citizen charter, which is followed at all levels
A107: ME B1.4. | B107: User charges are displayed and communicated to patients effectively | C107: User services charges in r/o blood are displayed at entrance | D107: 2 | E107: OB
A108: ME B1.5. | B108: Patients & visitors are sensitised and educated through appropriate IEC / BCC approaches | C108: IEC material is available in blood bank to provide information and to promote blood donation | D108: 2 | E108: OB
A109: ME B1.6. | B109: Information is available in local language and easy to understand | C109: Signage's and information are available in local language | D109: 2 | E109: OB
...

Sheet Lab
A1: National Quality Assurance Standards for District Hospitals
A2: Checklist for Laboratory | H2: 8
A3: Assessment Summary
A4: Name of the Hospital | F4: Date of Assessment
A5: Names of Assessors | F5: Names of Assessees
A6: Type of Assessment (Internal/External) | F6: Action plan Submission Date
A7: Laboratory Score Card
A8: Area of Concern wise Score | D8: Laboratory Score
A9: A | B9: Service Provision | C9: =Lab!D649 -> 1 | D9: =D657 -> 1
A10: B | B10: Patient Rights | C10: =Lab!D650 -> 1
A11: C | B11: Inputs | C11: =Lab!D651 -> 1
A12: D | B12: Support Services | C12: =Lab!D652 -> 1
A13: E | B13: Clinical Services | C13: =Lab!D653 -> 1
A14: F | B14: Infection Control | C14: =Lab!D654 -> 1
A15: G | B15: Quality Management | C15: =Lab!D655 -> 1
A16: H | B16: Outcome | C16: =Lab!D656 -> 1
B18: Major Gaps Observed
A19: 1
A20: 2
A21: 3
A22: 4
A23: 5
B24: Strengths / Good Practices
A25: 1
A26: 2
A27: 3
A28: 4
A29: 5
B30: Recommendations/ Opportunites for Improvement
A31: 1
A32: 2
A33: 3
A34: 4
A35: 5
B36: Signature of Assessors
B37: Date
A41: Checklist for Laboratory
A42: Standard | B42: ME Statement | C42: Checkpoint | D42: Compliance Full/Partial/No | E42: Audit Method | F42: Means of Verification | G42: Remarks
B43: Area of Concern - A Service Provision | H43: =H70+H82+H103 -> 30 | I43: =I70+I82+I103 -> 30
A44: Standard A1 | B44: Facility Provides Curative Services
A45: ME A1.1 | B45: The facility provides General Medicine services
A46: ME A1.2 | B46: The facility provides General Surgery services
A47: ME A1.3 | B47: The facility provides Obstetrics & Gynaecology Services
A48: ME A1.4 | B48: The facility provides Paediatric Services
A49: ME A1.5 | B49: The facility provides Ophthalmology Services
A50: ME A1.6 | B50: The facility provides ENT Services
A51: ME A1.7 | B51: The facility provides Orthopaedics Services
A52: ME A1.8 | B52: The facility provides Skin & VD Services
A53: ME A1.9 | B53: The facility provides Psychiatry Services
A54: ME A1.10 | B54: The facility provides Dental Treatment Services
A55: ME A1.11 | B55: The facility provides AYUSH Services
... A69: ME A 2.5 | B69: The facility provides Adolescent health Services
A70: Standard A3 | B70: Facility Provides diagnostic Services | H70: =SUM(D72:D80) -> 18 | I70: =COUNT(D72:D80)*2 -> 18
A71: ME A3.1 | B71: The facility provides Radiology Services
A72: ME A3.2 | B72: The facility Provides Laboratory Services | C72: All lab services are available in routine working hours | D72: 2 | E72: SI/RR
C73: Emergency lab services are available for selected tests of Haematology, Biochemistry and Serology 24X7 | D73: 2 | E73: SI/RR
C74: Availability of Haematology services | D74: 2 | E74: SI/OB
C75: Availability of Bio chemistry services | D75: 2 | E75: SI/OB
C76: Availability of Microbiology services | D76: 2 | E76: SI/OB
C77: Availability of Cytology services | D77: 2 | E77: SI/OB
C78: Availability of Histopathology services | D78: 2 | E78: SI/OB
C79: Availability of Clinical Pathology services | D79: 2 | E79: SI/OB
C80: Availability of Serology services | D80: 2 | E80: SI/OB
A81: ME A 3.3 | B81: The facility provides other diagnostic services, as mandated
A82: Standard A4 | B82: Facility provides services as mandated in national Health Programs/ state scheme | H82: =SUM(D83:D91) -> 10 | I82: =COUNT(D83:D91)*2 -> 10
A83: ME A4.1 | B83: The facility provides services under National Vector Borne Disease Control Programme as per guidelines | C83: Tests for Diagnosis of maleria (Smear and RDTK) | D83: 2 | E83: SI/OB
C84: Tests for Kala Azar, Dengue, JE, Chikengunia | D84: 2 | E84: SI/OB | F84: As per prevalant endemic
A85: ME A4.2 | B85: The facility provides services under Revised National TB Control Programme as per guidelines | C85: Availability of Designated Microscoy Center (AFB) | D85: 2 | E85: SI/OB
A86: ME A4.3 | B86: The facility provides services under National Leprosy Eradication Programme as per guidelines | C86: Availability of Skin Smear Examination | D86: 2 | E86: SI/OB
A87: ME A4.4 | B87: The facility provides services under National AIDS Control Programme as per guidelines
A88: ME A4.5 | B88: The facility provides services under National Programme for prevention and control of Blindness as per guidelines
A89: ME A 4.6 | B89: The facility provides services under Mental Health Programme as per guidelines
A90: ME A4.7 | B90: The facility provides services under National Programme for the health care of the elderly as per guidelines
A91: ME A4.8 | B91: The facility provides services under National Programme for Prevention and control of Cancer, Diabetes, Cardiovascular diseases & Stroke (NPCDCS) as per guidelines | C91: Haemogram, BT CT, Fasting/PP Sugar, Lipid Profile, Blood Urea , LFT Kidney Function Test | D91: 2 | E91: SI/RR
A92: ME A4.9 | B92: The facility Provides services under Integrated Disease Surveillance Programme as per Guidelines
B93: The facility provide services under National health Programme for Prevention and Control of deafness
B94: The facility provides services as per State specific health programmes
A95: Standard A5 | B95: Facility provides support services
A96: ME A5.1 | B96: The facility provides dietary services
A97: ME A5.2 | B97: The facility provides laundry services
A98: ME A5.3 | B98: The facility provides security services
A99: ME A5.4 | B99: The facility provides housekeeping services
A100: ME A5.5 | B100: The facility ensures maintenance services
A101: ME A5.6 | B101: The facility provides pharmacy services
A102: ME A5.7 | B102: The facility has services of medical record department
A103: Standard A6 | B103: Health services provided at the facility are appropriate to community needs. | H103: =SUM(D104) -> 2 | I103: =COUNT(D104)*2 -> 2
A104: ME A 6.1 | B104: The facility provides curatives & preventive services for the health problems and diseases, prevalent locally. | C104: Laboratory provides specific test for local health problems/ diseases e.g.. Dengue, swine flu etc. | D104: 2 | E104: SI/RR
A105: ME A 6.2 | B105: There is process for consulting community/ or their representatives when planning or revising scope of services of the facility
B106: Area of Concern - B Patient Rights | H106: =H107+H118+H124+H129+H135+H143 -> 42 | I106: =I107+I118+I124+I129+I135+I143 -> 42
A107: Standard B1 | B107: Facility provides the information to care seekers, attendants & community about the available services and their modalities | H107: =SUM(D108:D117) -> 14 | I107: =COUNT(D108:D117)*2 -> 14
A108: ME B1.1 | B108: The facility has uniform and user-friendly signage system | C108: Availability departmental signage's | D108: 2 | E108: OB | F108: (Numbering, main department and internal sectional signage
C109: Restricted area signage are displayed | D109: 2 | E109: OB
A110: ME B1.2 | B110: The facility displays the services and entitlements available in its departments | C110: List of services available are displayed at the entrance | D110: 2 | E110: OB
C111: Timing for collection of sample and delivery of reports are displayed | D111: 2 | E111: OB
A112: ME B1.3 | B112: The facility has established citizen charter, which is followed at all levels
A113: ME B1.4 | B113: User charges are displayed and communicated to patients effectively | C113: User charges in r/o laboratory services are displayed | D113: 2 | E113: OB
A114: ME B1.6 | B114: Patients & visitors are sensitised and educated through appropriate IEC / BCC approaches
A115: ME B1.5 | B115: Information is available in local language and easy to understand | C115: Signage's and information are available in local language | D115: 2 | E115: OB
A116: ME B1.7 | B116: The facility provides information to patients and visitor through an exclusive set-up.
A117: ME B1.8 | B117: The facility ensures access to clinical records of patients to entitled personnel | C117: Lab Reports are provided to Patient in proper printed format | D117: 2 | E117: OB
...

Sheet Radiology 
A1: National Quality Assurance Standards for District Hospitals
A2: Checklist for Radiology Department | H2: 9
A3: Assessment Summary
A4: Name of the Hospital | F4: Date of Assessment
A5: Names of Assessors | F5: Names of Assessees
A6: Type of Assessment (Internal/External) | F6: Action plan Submission Date
A7: Radiology Score Card
A8: Area of Concern wise Score | D8: Radiology Score
A9: A | B9: Service Provision | C9: ='Radiology '!D608 -> 1 | D9: =D616 -> 1
A10: B | B10: Patient Rights | C10: ='Radiology '!D609 -> 1
A11: C | B11: Inputs | C11: ='Radiology '!D610 -> 1
A12: D | B12: Support Services | C12: ='Radiology '!D611 -> 1
A13: E | B13: Clinical Services | C13: ='Radiology '!D612 -> 1
A14: F | B14: Infection Control | C14: ='Radiology '!D613 -> 1
A15: G | B15: Quality Management | C15: ='Radiology '!D614 -> 1
A16: H | B16: Outcome | C16: ='Radiology '!D615 -> 1
B18: Major Gaps Observed
A19: 1
A20: 2
A21: 3
A22: 4
A23: 5
B24: Strengths / Good Practices
A25: 1
A26: 2
A27: 3
A28: 4
A29: 5
B30: Recommendations/ Opportunites for Improvement
A31: 1
A32: 2
A33: 3
A34: 4
A35: 5
B36: Signature of Assessors
B37: Date
A41: Reference no. | B41: ME Statement | C41: Checkpoint | D41: Compliance Full/Partial/No | E41: Assessment Method | F41: Means of Verification | G41: Remarks
B42: Area of Concern - A Service Provision | H42: =H43+H63+H69 -> 14 | I42: =I43+I63+I69 -> 14
A43: Standard A1 | B43: Facility Provides Curative Services | H43: =SUM(D57:D58) -> 4 | I43: =COUNT(D57:D58)*2 -> 4
A44: ME A1.1 | B44: The facility provides General Medicine services
A45: ME A1.2 | B45: The facility provides General Surgery services
A46: ME A1.3 | B46: The facility provides Obstetrics & Gynaecology Services
A47: ME A1.4 | B47: The facility provides Paediatric Services
A48: ME A1.5 | B48: The facility provides Ophthalmology Services
A49: ME A1.6 | B49: The facility provides ENT Services
A50: ME A1.7 | B50: The facility provides Orthopaedics Services
A51: ME A1.8 | B51: The facility provides Skin & VD Services
A52: ME A1.9 | B52: The facility provides Psychiatry Services
A53: ME A1.10 | B53: The facility provides Dental Treatment Services
A54: ME A1.11 | B54: The facility provides AYUSH Services
A55: ME A1.12 | B55: The facility provides Physiotherapy Services
A56: ME A1.13 | B56: The facility provides services for OPD procedures
A57: ME A1.14 | B57: Services are available for the time period as mandated | C57: All radiology services are available in routine working hours | D57: 2 | E57: SI/RR
C58: Emergency radiology services are available for selected procedure 24X7 | D58: 2 | E58: SI/RR
A59: ME A1.15 | B59: The facility provides services for Super specialties, as mandated
A60: ME A1.16 | B60: The facility provides Accident & Emergency Services
A61: ME A1.17 | B61: The facility provides Intensive care Services
A62: ME A1.18 | B62: The facility provides Blood bank & transfusion services
A63: Standard A2 | B63: Facility provides RMNCHA Services | H63: =SUM(D65) -> 0 | I63: =COUNT(D65)*2 -> 0
A64: ME A2.1 | B64: The facility provides Reproductive health Services
A65: ME A2.2 | B65: The facility provides Maternal health Services | C65: Availability of USG services for Pregnant women | E65: SI/OB
A66: ME A2.3 | B66: The facility provides Newborn health Services
A67: ME A2.4 | B67: The facility provides Child health Services
A68: ME A2.5 | B68: The facility provides Adolescent health Services
A69: Standard A3 | B69: Facility Provides diagnostic Services | H69: =SUM(D70:D74) -> 10 | I69: =COUNT(D70:D74)*2 -> 10
A70: ME A3.1 | B70: The facility provides Radiology Services | C70: Availability of X ray services | D70: 2 | E70: SI/OB | F70: for chest, bones, skull, spine and abdomen.
C71: Availability of special radio graphy services | D71: 2 | E71: SI/OB | F71: Barium Swallow, Barium enema, Barium meal,MMR (Miniature mass radiography) Chest
C72: Availability of Dental X ray Services | D72: 2 | E72: SI/OB | F72: Dental X-ray. OPG services
C73: Availability of ultrasound services | D73: 2 | E73: SI/OB | F73: Pre natal diagnostic procedure: Ultrasonography, Fetoscopy | G73: 342342
C74: Availability of CT scan facility | D74: 2 | E74: SI/OB
A75: ME A3.2 | B75: The facility Provides Laboratory Services
A76: ME A3.3 | B76: The facility provides other diagnostic services, as mandated
A77: Standard A4 | B77: Facility provides services as mandated in national Health Programs/ state scheme
A78: ME A4.1 | B78: The facility provides services under National Vector Borne Disease Control Programme as per guidelines
A79: ME A4.2 | B79: The facility provides services under Revised National TB Control Programme as per guidelines
A80: ME A4.3 | B80: The facility provides services under National Leprosy Eradication Programme as per guidelines
A81: ME A4.4 | B81: The facility provides services under National AIDS Control Programme as per guidelines
A82: ME A4.5 | B82: The facility provides services under National Programme for prevention and control of Blindness as per guidelines
A83: ME A4.6 | B83: The facility provides services under Mental Health Programme as per guidelines
A84: ME A4.7 | B84: The facility provides services under National Programme for the health care of the elderly as per guidelines
A85: ME A4.8 | B85: The facility provides services under National Programme for Prevention and control of Cancer, Diabetes, Cardiovascular diseases & Stroke (NPCDCS) as per guidelines
A86: ME A4.9 | B86: The facility Provides services under Integrated Disease Surveillance Programme as per Guidelines
... A99: ME A6.2 | B99: There is process for consulting community/ or their representatives when planning or revising scope of services of the facility
B100: Area of Concern - B Patient Rights | H100: =H101+H113+H119+H125+H131+H138 -> 32 | I100: =I101+I113+I119+I125+I131+I138 -> 32
A101: Standard B1 | B101: Facility provides the information to care seekers, attendants & community about the available services and their modalities | H101: =SUM(D102:D112) -> 14 | I101: =COUNT(D102:D112)*2 -> 14
A102: ME B1.1 | B102: The facility has uniform and user-friendly signage system | C102: Availability departmental signage's | D102: 2 | E102: OB | F102: (Numbering, main department and internal sectional signage
C103: Display of PNDT Notice at USG | E103: OB | F103: Notice in local language is displayed at entrance of USG department that All persons including the employer, employee or any other person associated with department shall not conduct or associate with or help in carrying out detection or disclosure of sex of foetus in any manner
C104: Display of cautionary signage outside the X ray department | D104: 2 | E104: OB | F104: Radiation hazard sign and caution for pregnant women and children
A105: ME B1.2 | B105: The facility displays the services and entitlements available in its departments | C105: List of services available are displayed at the entrance | D105: 2 | E105: OB
C106: Timing for taking X ray and collection of reports are displayed outside the X ray department | D106: 2 | E106: OB
A107: ME B1.3 | B107: The facility has established citizen charter, which is followed at all levels
A108: ME B1.4 | B108: User charges are displayed and communicated to patients effectively | C108: User charges in r/o X ray services are displayed at entrance | D108: 2 | E108: OB
A109: ME B1.5 | B109: Patients & visitors are sensitised and educated through appropriate IEC / BCC approaches
A110: ME B1.6 | B110: Information is available in local language and easy to understand | C110: Signage's and information are available in local language | D110: 2 | E110: OB
A111: ME B1.7 | B111: The facility provides information to patients and visitor through an exclusive set-up.
A112: ME B1.8 | B112: The facility ensures access to clinical records of patients to entitled personnel | C112: Reports are provided to Patient in proper printed format | D112: 2 | E112: OB
A113: Standard B2 | B113: Services are delivered in a manner that is sensitive to gender, religious and cultural needs, and there are no barrier on account of physical economic, cultural or social reasons | H113: =SUM(D114:D116) -> 4 | I113: =COUNT(D114:D116)*2 -> 4
A114: ME B2.1 | B114: Services are provided in manner that are sensitive to gender | C114: Female attendant should accompany female patients during radiological procedures | D114: 2 | E114: OB/SI
A115: ME B2.2 | B115: Religious and cultural preferences of patients and attendants are taken into consideration while delivering services
A116: ME B2.3 | B116: Access to facility is provided without any physical barrier & and friendly to people with disabilities | C116: Check the availability of ramp in OPD/ X ray room | D116: 2 | E116: OB
...

Sheet Pharmacy
A1: National Quality Assurance Standards for District Hospitals
A2: Checklist for Pharmacy Department | H2: 10
A3: Assessment Summary
A4: Name of the Hospital | F4: Date of Assessment
A5: Names of Assessors | F5: Names of Assessees
A6: Type of Assessment (Internal/External) | F6: Action plan Submission Date
A7: Pharmacy Score Card
A8: Area of Concern wise Score | D8: Pharmacy Score
A9: A | B9: Service Provision | C9: =Pharmacy!D595 -> 1 | D9: =D603 -> 1
A10: B | B10: Patient Rights | C10: =Pharmacy!D596 -> 1
A11: C | B11: Inputs | C11: =Pharmacy!D597 -> 1
A12: D | B12: Support Services | C12: =Pharmacy!D598 -> 1
A13: E | B13: Clinical Services | C13: =Pharmacy!D599 -> 1
A14: F | B14: Infection Control | C14: =Pharmacy!D600 -> 1
A15: G | B15: Quality Management | C15: =Pharmacy!D601 -> 1
A16: H | B16: Outcome | C16: =Pharmacy!D602 -> 1
B18: Major Gaps Observed
A19: 1
A20: 2
A21: 3
A22: 4
A23: 5
B24: Strengths / Good Practices
A25: 1
A26: 2
A27: 3
A28: 4
A29: 5
B30: Recommendations/ Opportunites for Improvement
A31: 1
A32: 2
A33: 3
A34: 4
A35: 5
B36: Signature of Assessors
B37: Date
A41: Reference No | B41: ME Statement | C41: Checkpoint | D41: Compliance Full/Partial/No | E41: Assessment Method | F41: Means of Verification | G41: Remarks
B42: Area of Concern - A Service Provision | H42: =H43+H74+H87 -> 24 | I42: =I43+I74+I87 -> 24
A43: Standard A1 | B43: Facility Provides Curative Services | H43: =SUM(D57:D59) -> 6 | I43: =COUNT(D57:D59)*2 -> 6
A44: ME A1.1 | B44: The facility provides General Medicine services
A45: ME A1.2 | B45: The facility provides General Surgery services
A46: ME A1.3 | B46: The facility provides Obstetrics & Gynaecology Services
A47: ME A1.4 | B47: The facility provides Paediatric Services
A48: ME A1.5 | B48: The facility provides Ophthalmology Services
A49: ME A1.6 | B49: The facility provides ENT Services
A50: ME A1.7 | B50: The facility provides Orthopaedics Services
A51: ME A1.8 | B51: The facility provides Skin & VD Services
A52: ME A1.9 | B52: The facility provides Psychiatry Services
A53: ME A1.10 | B53: The facility provides Dental Treatment Services
A54: ME A1.11 | B54: The facility provides AYUSH Services
A55: ME A1.12 | B55: The facility provides Physiotherapy Services
A56: ME A1.13 | B56: The facility provides services for OPD procedures
A57: ME A1.14 | B57: Services are available for the time period as mandated | C57: Dispensary services are available in OPD hours | D57: 2 | E57: SI/RR
C58: Facility ensure access to drug store after OPD hours | D58: 2 | E58: SI/RR
C59: Generic Drug store is operational 24X7 | D59: 2 | E59: SI/RR
A60: ME A1.15 | B60: The facility provides services for Super specialties, as mandated
A61: ME A1.16 | B61: The facility provides Accident & Emergency Services
A62: ME A1.17 | B62: The facility provides Intensive care Services
A63: ME A1.18 | B63: The facility provides Blood bank & transfusion services
A64: Standard A2 | B64: Facility provides RMNCHA Services
A65: ME A2.1 | B65: The facility provides Reproductive health Services
A66: ME A2.2 | B66: The facility provides Maternal health Services
A67: ME A2.3 | B67: The facility provides Newborn health Services
A68: ME A2.4 | B68: The facility provides Child health Services
A69: ME A2.5 | B69: The facility provides Adolescent health Services
A70: Standard A3 | B70: Facility Provides diagnostic Services
A71: ME A3.1 | B71: The facility provides Radiology Services
... A73: ME A3.3 | B73: The facility provides other diagnostic services, as mandated
A74: Standard A4 | B74: Facility provides services as mandated in national Health Programs/ state scheme | H74: =SUM(D75:D79) -> 10 | I74: =COUNT(D75:D79)*2 -> 10
A75: ME A4.1 | B75: The facility provides services under National Vector Borne Disease Control Programme as per guidelines | C75: Availability of Drugs under NVBDCP | D75: 2 | E75: SI/OB | F75: Chloroquine, Primaquine, ACT (Artemisinin Combination Therapy)
A76: ME A4.2 | B76: The facility provides services under Revised National TB Control Programme as per guidelines | C76: Availability of Drugs under RNTBCP | D76: 2 | E76: SI/OB
A77: ME A4.3 | B77: The facility provides services under National Leprosy Eradication Programme as per guidelines | C77: Availability of Drugs under NLEP | D77: 2 | E77: SI/OB | F77: Rifampicin, Clofazimine, Dapsone
A78: ME A4.4 | B78: The facility provides services under National AIDS Control Programme as per guidelines | C78: Availability of ARV Drugs under NACP | D78: 2 | E78: SI/OB | F78: Zidovudine, Stavudine, Lamivudine, Nevirapine in combination as per NACO
C79: Availability of Drugs for Paediatric HIV management | D79: 2 | E79: SI/OB | F79: Paediatric Dosages FDC 6, FDC 10, Efavirenz, Cotrimoxazole
A80: ME A4.5 | B80: The facility provides services under National Programme for control of Blindness as per guidelines
A81: ME A4.6 | B81: The facility provides services under Mental Health Programme as per guidelines
A82: ME A4.7 | B82: The facility provides services under National Programme for the health care of the elderly as per guidelines
A83: ME A4.8 | B83: The facility provides services under National Programme for Prevention and control of Cancer, Diabetes, Cardiovascular diseases & Stroke (NPCDCS) as per guidelines
A84: ME A4.9 | B84: The facility Provides services under Integrated Disease Surveillance Programme as per Guidelines
A85: ME A4.10 | B85: The facility provide services under National health Programme for deafness
A86: ME A4.11 | B86: The facility provides services as per State specific health programmes
A87: Standard A5 | B87: Facility provides support services | H87: =SUM(D93:D96) -> 8 | I87: =COUNT(D93:D96)*2 -> 8
A88: ME A5.1 | B88: The facility provides dietary services
A89: ME A5.2 | B89: The facility provides laundry services
A90: ME A5.3 | B90: The facility provides security services
A91: ME A5.4 | B91: The facility provides housekeeping services
A92: ME A5.5 | B92: The facility ensures maintenance services
A93: ME A5.6 | B93: The facility provides pharmacy services | C93: Dispensing of Medicines and consumables for OPD Patients | D93: 2 | E93: SI/OB | F93: Functional dispensary
C94: Generic Drug Store | D94: 2 | E94: SI/OB | F94: Functional jan ayushdhalya in premises or equivalent
C95: Storage of drugs | D95: 2 | E95: SI/OB
C96: Cold chain management services | D96: 2 | E96: SI/OB
A97: ME A5.7 | B97: The facility has services of medical record department
A98: Standard A6 | B98: Health services provided at the facility are appropriate to community needs.
A99: ME A6.1 | B99: The facility provides curatives & preventive services for the health problems and diseases, prevalent locally.
A100: ME A6.2 | B100: There is process for consulting community/ or their representatives when planning or revising scope of services of the facility
B101: Area of Concern - B Patient Rights | H101: =H102+H114+H120+H125+H131+H139 -> 32 | I101: =I102+I114+I120+I125+I131+I139 -> 32
A102: Standard B1 | B102: Facility provides the information to care seekers, attendants & community about the available services and their modalities | H102: =SUM(D103:D111) -> 14 | I102: =COUNT(D103:D111)*2 -> 14
A103: ME B1.1 | B103: The facility has uniform and user-friendly signage system | C103: Availability departmental signage's | D103: 2 | E103: OB | F103: (Numbering, main department and internal sectional signage
C104: Directional signage's are displayed in hospital for easy access to Pharmacy/Generic drug store | D104: 2 | E104: OB
A105: ME B1.2 | B105: The facility displays the services and entitlements available in its departments | C105: List of Drugs available displayed at Pharmacy | D105: 2 | E105: OB
...

Sheet Auxillary services
A1: National Quality Assurance Standards for District Hospitals
A2: Checklist for Auxillary Services | H2: 11
A3: Assessment Summary
A4: Name of the Hospital | F4: Date of Assessment
A5: Names of Assessors | F5: Names of Assessees
A6: Type of Assessment (Internal/External) | F6: Action plan Submission Date
A7: Auxillary Services Score Card
B8: Area of Concern wise Score | D8: Auxillary Services Score
A9: A | B9: Service Provision | C9: ='Auxillary services'!D627 -> 1 | D9: =D635 -> 1
A10: B | B10: Patient Rights | C10: ='Auxillary services'!D628 -> 1
A11: C | B11: Inputs | C11: ='Auxillary services'!D629 -> 1
A12: D | B12: Support Services | C12: ='Auxillary services'!D630 -> 1
A13: E | B13: Clinical Services | C13: ='Auxillary services'!D631 -> 1
A14: F | B14: Infection Control | C14: ='Auxillary services'!D632 -> 1
A15: G | B15: Quality Management | C15: ='Auxillary services'!D633 -> 1
A16: H | B16: Outcome | C16: ='Auxillary services'!D634 -> 1
B18: Major Gaps Observed
A19: 1
A20: 2
A21: 3
A22: 4
A23: 5
B24: Strengths / Good Practices
A25: 1
A26: 2
A27: 3
A28: 4
A29: 5
B30: Recommendations/ Opportunites for Improvement
A31: 1
A32: 2
A33: 3
A34: 4
A35: 5
B36: Signature of Assessors
B37: Date
A41: Reference no | B41: ME Statement | C41: Checkpoint | D41: Compliance | E41: Assessment Method | F41: Means of Verification | G41: Remarks
B42: Area of Concern - A Service Provision | H42: =H84 -> 14 | I42: =I84 -> 14
A43: Standard A1 | B43: Facility Provides Curative Services
A44: ME A1.1 | B44: The facility provides General Medicine services
A45: ME A1.2 | B45: The facility provides General Surgery services
A46: ME A1.3 | B46: The facility provides Obstetrics & Gynaecology Services
A47: ME A1.4 | B47: The facility provides Paediatric Services
A48: ME A1.5 | B48: The facility provides Ophthalmology Services
A49: ME A1.6 | B49: The facility provides ENT Services
A50: ME A1.7 | B50: The facility provides Orthopaedics Services
A51: ME A1.8 | B51: The facility provides Skin & VD Services
A52: ME A1.9 | B52: The facility provides Psychiatry Services
A53: ME A1.10 | B53: The facility provides Dental Treatment Services
A54: ME A1.11 | B54: The facility provides AYUSH Services
... A83: ME A4.11 | B83: The facility provides services as per State specific health programmes
A84: Standard A5 | B84: Facility provides support services | H84: =SUM(D85:D92) -> 14 | I84: =COUNT(D85:D92)*2 -> 14
A85: ME A5.1 | B85: The facility provides dietary services | C85: Availability of operational Kitchen | D85: 2 | E85: SI/OB | F85: Functional Kitchen within the premise of the hospital
B86: The facility provides laundry services | C86: Availability of functional laundry | D86: 2 | E86: SI/OB | F86: Arrangement of laundry services inhouse or outsourced
B87: The facility provides security services | C87: Availability of functional security services 24 X7 | D87: 2 | E87: SI/OB
B88: The facility provides housekeeping services | C88: Availability of Housekeeping services 24X7 | D88: 2 | E88: SI/OB
C89: Availability of waste disposal services | D89: 2 | E89: SI/OB | F89: Arrangement for disposal of Bio medical and general waste Inhouse or outsouced
B90: The facility ensures maintenance services | C90: Availability of maintenance services 24X7 | D90: 2 | E90: SI/OB | F90: Includes Physical infrastructure maintenance and equipment maintenance
B91: The facility provides pharmacy services
A92: ME A5.7 | B92: The facility has services of medical record department | C92: Availability of Medical record department | D92: 2 | E92: SI/OB
A93: Standard A6 | B93: Health services provided at the facility are appropriate to community needs.
A94: ME A6.1 | B94: The facility provides curatives & preventive services for the health problems and diseases, prevalent locally.
A95: ME A6.2 | B95: There is process for consulting community/ or their representatives when planning or revising scope of services of the facility
B96: Area of Concern - B Patient Rights | H96: =H97+H112+H117+H123+H130 -> 16 | I96: =I97+I112+I117+I123+I130 -> 16
A97: Standard B1 | B97: Facility provides the information to care seekers, attendants & community about the available services and their modalities | H97: =SUM(D98:D105) -> 6 | I97: =COUNT(D98:D105)*2 -> 6
A98: ME B1.1 | B98: The facility has uniform and user-friendly signage system | C98: Availability of departmental signage for support service department | D98: 2 | E98: OB
A99: ME B1.2 | B99: The facility displays the services and entitlements available in its departments
A100: ME B1.3 | B100: The facility has established citizen charter, which is followed at all levels
A101: ME B1.4 | B101: User charges are displayed and communicated to patients effectively
A102: ME B1.5 | B102: Patients & visitors are sensitised and educated through appropriate IEC / BCC approaches
A103: ME B1.6 | B103: Information is available in local language and easy to understand | C103: Signage's and information are available in local language | D103: 2 | E103: OB
A104: ME B1.7 | B104: The facility provides information to patients and visitor through an exclusive set-up.
A105: ME B1.8 | B105: The facility ensures access to clinical records of patients to entitled personnel | C105: Medical records are provided to patient/ Next to kin on request | D105: 2 | E105: RR/OB
A106: Standard B2 | B106: Services are delivered in a manner that is sensitive to gender, religious and cultural needs, and there are no barrier on account of physical, economic, cultural or social reasons.
A107: ME B2.1 | B107: Services are provided in manner that are sensitive to gender
A108: ME B2.2 | B108: Religious and cultural preferences of patients and attendants are taken into consideration while delivering services
A109: ME B2.3 | B109: Access to facility is provided without any physical barrier & and friendly to people with disabilities
A110: ME B2.4 | B110: There is no discrimination on basis of social and economic status of the patients
A111: ME B2.5 | B111: There is affirmative actions to ensure that vulnerable sections can access services
A112: Standard B3 | B112: Facility maintains the privacy, confidentiality & Dignity of patient and related information. | H112: =SUM(D114:D115) -> 4 | I112: =COUNT(D114:D115)*2 -> 4
A113: ME B3.1 | B113: Adequate visual privacy is provided at every point of care
A114: ME B3.2 | B114: Confidentiality of patients records and clinical information is maintained | C114: MRD has system to maintain Confidentiality of patient records | D114: 2 | E114: SI/RR | F114: Patient records are not shared except the patient until it is authorized by law
A115: ME B3.3 | B115: The facility ensures the behaviours of staff is dignified and respectful, while delivering the services | C115: Behaviour of staff is empathetic and courteous | D115: 2 | E115: PI
A116: ME B3.4 | B116: The facility ensures privacy and confidentiality to every patient, especially of those conditions having social stigma, and also safeguards vulnerable groups
A117: Standard B4 | B117: Facility has defined and established procedures for informing and involving patient and their families about treatment and obtaining informed consent wherever it is required. | H117: =SUM(D122) -> 2 | I117: =COUNT(D122)*2 -> 2
A118: ME B4.1 | B118: There is established procedures for taking informed consent before treatment and procedures
A119: ME B4.2 | B119: Patient is informed about his/her rights and responsibilities
A120: ME B4.3 | B120: Staff are aware of Patients rights responsibilities
A121: ME B4.4 | B121: Information about the treatment is shared with patients or attendants, regularly
A122: ME B4.5 | B122: The facility has defined and established grievance redressal system in place | C122: Availability of complaint box and display of process for grievance re addressal and whom to contact is displayed | D122: 2 | E122: OB
A123: Standard B5 | B123: Facility ensures that there are no financial barrier to access and that there is financial protection given from cost of care. | H123: =SUM(D124:D127) -> 4 | I123: =COUNT(D124:D127)*2 -> 4
A124: ME B5.1 | B124: The facility provides cashless services to pregnant women, mothers and neonates as per prevalent government schemes | C124: Availability of free diet | D124: 2 | E124: PI/SI
A125: ME B5.2 | B125: The facility ensures that drugs prescribed are available at Pharmacy and wards
A126: ME B5.3 | B126: It is ensured that facilities for the prescribed investigations are available at the facility
A127: ME B5.4 | B127: The facility provide free of cost treatment to Below poverty line patients without administrative hassles | C127: Free diet for BPL patients and JSSK beneficiaries | D127: 2 | E127: PI/SI
A128: ME B5.5 | B128: The facility ensures timely reimbursement of financial entitlements and reimbursement to the patients
A129: ME B5.6 | B129: The facility ensure implementation of health insurance schemes as per National /state scheme
A130: Standard B6 | B130: Facility has defined framework for ethical management including dilemmas confronted during delivery of services at public health facilities | H130: =SUM(D131:D141) -> 0 | I130: =COUNT(D131:D141)*2 -> 0
A131: ME B6.1 | B131: Ethical norms and code of conduct for medical and paramedical staff have been established. | C131: Check that hospital administration has defined code of conduct for various cadre of staff | F131: Check for any circular, policy, notice, government order issued that explains the code of conduct for staff such as doctor and nurses.
A132: ME B6.2 | B132: The Facility staff is aware of code of conduct established | C132: Check if staff is aware of code of conduct | F132: Interview doctors and nursing / paramedical staff on sample basis.
...

Sheet Mortuary 
A1: National Quality Assurance Standards for District Hospitals
A2: Checklist for Mortuary | H2: 12
A3: Assessment Summary
A4: Name of the Hospital | F4: Date of Assessment
A5: Names of Assessors | F5: Names of Assessees
A6: Type of Assessment (Internal/External) | F6: Action plan Submission Date
A7: Mortuary Score Card
A8: Area of Concern wise Score | D8: Mortuary Score
A9: A | B9: Service Provision | C9: ='Mortuary '!D568 -> 1 | D9: =D576 -> 1
A10: B | B10: Patient Rights | C10: ='Mortuary '!D569 -> 1
A11: C | B11: Inputs | C11: ='Mortuary '!D570 -> 1
A12: D | B12: Support Services | C12: ='Mortuary '!D571 -> 1
A13: E | B13: Clinical Services | C13: ='Mortuary '!D572 -> 1
A14: F | B14: Infection Control | C14: ='Mortuary '!D573 -> 1
A15: G | B15: Quality Management | C15: ='Mortuary '!D574 -> 1
A16: H | B16: Outcome | C16: ='Mortuary '!D575 -> 1
B18: Major Gaps Observed
A19: 1
A20: 2
A21: 3 | B21: nhsrc123
A22: 4
A23: 5
B24: Strengths / Good Practices
A25: 1
A26: 2
A27: 3
A28: 4
A29: 5
B30: Recommendations/ Opportunites for Improvement
A31: 1
A32: 2
A33: 3
A34: 4
A35: 5
B36: Signature of Assessors
B37: Date
A38: Checklist for Mortuary
A41: Reference No. | B41: ME Statement | C41: Checkpoints | D41: Compliance | E41: Assessment method | F41: Audit Support | G41: Remark
B42: Area of Concern - A Service Provision | H42: =H43+H84 -> 10 | I42: =I43+I84 -> 10
A43: Standard A1 | B43: The facility provides Curative Services | H43: =SUM(D57) -> 2 | I43: =COUNT(D57)*2 -> 2
A44: ME A1.1 | B44: The facility provides General Medicine services
A45: ME A1.2 | B45: The facility provides General Surgery services
A46: ME A1.3 | B46: The facility provides Obstetrics & Gynaecology Services
A47: ME A1.4 | B47: The facility provides Paediatric Services
A48: ME A1.5 | B48: The facility provides Ophthalmology Services
A49: ME A1.6 | B49: The facility provides ENT Services
A50: ME A1.7 | B50: The facility provides Orthopaedics Services
A51: ME A1.8 | B51: The facility provides Skin & VD Services
A52: ME A1.9 | B52: The facility provides Psychiatry Services
A53: ME A1.10 | B53: The facility provides Dental Treatment Services
A54: ME A1.11 | B54: The facility provides AYUSH Services
A55: ME A1.12 | B55: The facility provides Physiotherapy Services
A56: ME A1.13 | B56: The facility provides services for OPD procedures
A57: ME A1.14 | B57: Services are available for the time period as mandated | C57: Availability of services 24X7 | D57: 2 | E57: SI/RR
A58: ME A1.15 | B58: The facility provides services for Super specialties, as mandated
A59: ME A1.16 | B59: The facility provides Accident & Emergency Services
A60: ME A1.17 | B60: The facility provides Intensive care Services
A61: ME A1.18 | B61: The facility provides Blood bank & transfusion services
A62: Standard A2 | B62: The facility provides RMNCHA Services
A63: ME A2.1 | B63: The facility provides Reproductive health Services
A64: ME A2.2 | B64: The facility provides Maternal health Services
A65: ME A2.3 | B65: The facility provides Newborn health Services
A66: ME A2.4 | B66: The facility provides Child health Services
A67: ME A2.5 | B67: The facility provides Adolescent health Services
A68: Standard A3 | B68: The facility Provides diagnostic Services
A69: ME A3.1 | B69: The facility provides Radiology Services
... A83: ME A4.11 | B83: The facility provides services as per State specific health programmes
A84: Standard A5 | B84: The facility provides support services | H84: =SUM(D92:D95) -> 8 | I84: =COUNT(D92:D95)*2 -> 8
A85: ME A5.1 | B85: The facility provides dietary services
A86: ME A5.2 | B86: The facility provides laundry services
A87: ME A5.3 | B87: The facility provides security services
A88: ME A5.4 | B88: The facility provides housekeeping services
A89: ME A5.5 | B89: The facility ensures maintenance services
A90: ME A5.6 | B90: The facility provides pharmacy services
A91: ME A5.7 | B91: The facility has services of medical record department
A92: ME A5.8 | B92: The facility provides mortuary services | C92: Dead bodies are kept till the relatives take over the bodies | D92: 2 | E92: SI/RR
C93: Dead bodies are brought to hospital for medico legal post mortem work | D93: 2 | E93: SI/RR
C94: Unclaimed bodies are kept until disposal is arranged | D94: 2 | E94: SI/RR
C95: Facility for pathological post mortem | D95: 2 | E95: SI/RR
A96: Standard A6 | B96: Health services provided at the facility are appropriate to community needs.
A97: ME A6.1 | B97: The facility provides curatives & preventive services for the health problems and diseases, prevalent locally.
A98: ME A6.2 | B98: There is process for consulting community/ or their representatives when planning or revising scope of services of the facility
B99: Area of Concern - B Patient Rights | H99: =H100+H110+H116+H121+H134 -> 22 | I99: =I100+I110+I116+I121+I134 -> 22
A100: Standard B1 | B100: The facility provides the information to care seekers, attendants & community about the available services and their modalities | H100: =SUM(D101:D109) -> 8 | I100: =COUNT(D101:D109)*2 -> 8
A101: ME B1.1 | B101: The facility has uniform and user-friendly signage system | C101: Availability of departmental signage | D101: 2 | E101: OB
C102: Restricted area signage are displayed | D102: 2 | E102: OB
A103: ME B1.2 | B103: The facility displays the services and entitlements available in its departments
A104: ME B1.3 | B104: The facility has established citizen charter, which is followed at all levels
A105: ME B1.4 | B105: User charges are displayed and communicated to patients effectively
A106: ME B1.5 | B106: Patients & visitors are sensitised and educated through appropriate IEC / BCC approaches
A107: ME B1.6 | B107: Information is available in local language and easy to understand | C107: Signage's are available in local language and pictorial | D107: 2 | E107: OB
A108: ME B1.7 | B108: The facility provides information to patients and visitor through an exclusive set-up.
A109: ME B1.8 | B109: The facility ensures access to clinical records of patients to entitled personnel | C109: Post mortem records of deceased are issued to police/next kin of deceased as per state guideline | D109: 2 | E109: OB
A110: Standard B2 | B110: Services are delivered in a manner that is sensitive to gender, religious and cultural needs, and there are no barrier on account of physical economic, cultural or social reasons | H110: =SUM(D112:D115) -> 4 | I110: =COUNT(D112:D113)*2 -> 4
A111: ME B2.1 | B111: Services are provided in manner that are sensitive to gender
A112: ME B2.2 | B112: Religious and cultural preferences of patients and attendants are taken into consideration while delivering services | C112: Religious and cultural preferences of deceased and relatives are taken in to consideration while handling over the body | D112: 2 | E112: OB/SI
A113: ME B2.3 | B113: Access to facility is provided without any physical barrier & and friendly to people with disabilities | C113: Availability of ramp/level ground for easy access of stretcher to mortuary/ post mortem room | D113: 2 | E113: OB
A114: ME B2.4 | B114: There is no discrimination on basis of social and economic status of the patients
A115: ME B2.5 | B115: There is affirmative actions to ensure that vulnerable sections can access services
A116: Standard B3 | B116: The facility maintains privacy, confidentiality & dignity of patient, and has a system for guarding patient related information. | H116: =SUM(D117:D120) -> 8 | I116: =COUNT(D117:D120)*2 -> 8
...

Sheet Admin
A1: National Quality Assurance Standards for District Hospitals
A2: Checklist for Administration | H2: 13
A3: Assessment Summary
A4: Name of the Hospital | F4: Date of Assessment
A5: Names of Assessors | F5: Names of Assessees
A6: Type of Assessment (Internal/External) | F6: Action plan Submission Date
A7: Administration Score Card
B8: Area of Concern wise Score | D8: Administration Score
A9: A | B9: Service Provision | C9: =Admin!D870 -> 1 | D9: =D878 -> 1
A10: B | B10: Patient Rights | C10: =Admin!D871 -> 1
A11: C | B11: Inputs | C11: =Admin!D872 -> 1
A12: D | B12: Support Services | C12: =Admin!D873 -> 1
A13: E | B13: Clinical Services | C13: =Admin!D874 -> 1
A14: F | B14: Infection Control | C14: =Admin!D875 -> 1
A15: G | B15: Quality Management | C15: =Admin!D876 -> 1
A16: H | B16: Outcome | C16: =Admin!D877 -> 1
B18: Major Gaps Observed
A19: 1
A20: 2
A21: 3
A22: 4
A23: 5
B24: Strengths / Good Practices
A25: 1
A26: 2
A27: 3
A28: 4
A29: 5
B30: Recommendations/ Opportunites for Improvement
A31: 1
A32: 2
A33: 3
A34: 4
A35: 5
B36: Signature of Assessors
B37: Date
A40: Checklist for General Administration
A41: Reference No. | B41: ME Statement | C41: Checkpoint | D41: Compliance | E41: Assessment Method | F41: Means of Verification | G41: Remarks
B42: Area of Concern - A Service Provision | H42: =H43+H63+H71+H77+H92+H101 -> 56 | I42: =I43+I63+I71+I77+I92+I101 -> 56
A43: Standard A1 | B43: Facility Provides Curative Services | H43: =SUM(D59:D62) -> 8 | I43: =COUNT(D59:D62)*2 -> 8
A44: ME A1.1. | B44: The facility provides General Medicine services
A45: ME A1.2. | B45: The facility provides General Surgery services
A46: ME A1.3. | B46: The facility provides Obstetrics & Gynaecology Services
A47: ME A1.4. | B47: The facility provides Paediatric Services
A48: ME A1.5. | B48: The facility provides Ophthalmology Services
A49: ME A1.6 | B49: The facility provides ENT Services
A50: ME A1.7. | B50: The facility provides Orthopaedics Services
A51: ME A1.8 | B51: The facility provides Skin & VD Services
A52: ME A1.9 | B52: The facility provides Psychiatry Services
A53: ME A1.10 | B53: The facility provides Dental Treatment Services
A54: ME A1.11 | B54: The facility provides AYUSH Services
A55: ME A1.12 | B55: The facility provides Physiotherapy Services
... A58: ME A1.15. | B58: The facility provides services for Super specialties, as mandated
A59: ME A1.16. | B59: The facility provides Accident & Emergency Services | C59: Availability of functional A& E department | D59: 2 | E59: SI/OB
C60: Availability of functional disaster management unit | D60: 2 | E60: SI/OB
A61: ME A1.17. | B61: The facility provides Intensive care Services | C61: Availability of functional Intensive care unit | D61: 2 | E61: SI/OB
A62: ME A1.18. | B62: The facility provides Blood bank & transfusion services | C62: Availability of functional Blood Bank | D62: 2 | E62: SI/OB | G62: 4343242
A63: Standard A2 | B63: Facility provides RMNCHA Services | H63: =SUM(D64:D69) -> 0 | I63: =COUNT(D64:D69)*2 -> 0
A64: ME A 2.1. | B64: The facility provides Reproductive health Services | C64: Availability of Post Partum unit at the facility | E64: SI/OB
A65: ME A2.2. | B65: The facility provides Maternal health Services
A66: ME A2.3. | B66: The facility provides Newborn health Services | C66: Availability of functional SNCU | E66: SI/OB
A67: ME A2.4. | B67: The facility provides Child health Services | C67: Availability of Functional NRC | E67: SI/OB
C68: Availability of dedicated paediatric ward | E68: SI/OB
C69: Availability District Early Intervention Centre (DEIC) | E69: SI/OB
A70: ME A2.5. | B70: The facility provides Adolescent health Services
A71: Standard A3 | B71: Facility Provides diagnostic Services | H71: =SUM(D72:D76) -> 10 | I71: =COUNT(D72:D76)*2 -> 10
A72: ME A3.1. | B72: The facility provides Radiology Services | C72: Availability of X-Ray Unit | D72: 2 | E72: SI/OB | F72: Availability of in-house services. Partial Compliance if it is outsourced
A73: . | C73: Availability of Ultrasound services | D73: 2 | E73: SI/OB | F73: Availability of in-house services. Partial Compliance if it is outsourced
A74: . | C74: Availability of CT scan | D74: 2 | E74: SI/OB
A75: ME A3.2 | B75: The facility Provides Laboratory Services | C75: Availability of In-house lab | D75: 2 | E75: SI/OB | F75: If lab is outsourced than give partial compliance
A76: ME A 3.3 | B76: The facility provides other diagnostic services, as mandated | C76: Availability of ECG Services | D76: 2 | E76: SI/OB
A77: Standard A4 | B77: Facility provides services as mandated in national Health Programs/ state scheme | H77: =SUM(D80:D91) -> 16 | I77: =COUNT(D80:D89)*2 -> 16
A78: ME A4.1 | B78: The facility provides services under National Vector Borne Disease Control Programme as per guidelines
A79: ME A4.2 | B79: The facility provides services under Revised National TB Control Programme as per guidelines
A80: ME A4.3 | B80: The facility provides services under National Leprosy Eradication Programme as per guidelines | C80: Formation of District Apex Group | D80: 2 | E80: SI/RR | F80: Headed by Dermatologist/ Physician along with specialists of Orthopaedics/ General Surgery, Ophthalmology, assisted by Physiotherapist and laboratory Technician
A81: ME A4.4 | B81: The facility provides services under National AIDS Control Programme as per guidelines | C81: Availability Functional ICTC is available | D81: 2 | E81: SI/OB
C82: Availability Functional ART centre is available | D82: 2 | E82: SI/OB
A83: ME A4.5 | B83: The facility provides services under National Programme for prevention and control of Blindness as per guidelines | E83: SI/OB
A84: ME A 4.6 | B84: The facility provides services under Mental Health Programme as per guidelines | E84: SI/OB
A85: ME A4.7. | B85: The facility provides services under National Programme for the health care of the elderly as per guidelines | C85: Availability of geriatric ward/Clinic | D85: 2 | E85: SI/OB
A86: ME A4.8. | B86: The facility provides services under National Programme for Prevention and control of Cancer, Diabetes, Cardiovascular diseases & Stroke (NPCDCS) as per guidelines | C86: Availability of CCU | D86: 2 | E86: SI/OB
A87: ME A4.9 | B87: The facility Provides services under Integrated Disease Surveillance Programme as per Guidelines | C87: Hospital has System for immediate reporting of any disease out break authorities | D87: 2 | E87: SI/RR
C88: A Nodal person is designated for collecting and reporting data to IDSP cell | D88: 2 | E88: SI/RR
C89: Hospital disseminate the list of conditions to be reported to all clinical department | D89: 2 | E89: SI/RR
B90: The facility provide services under National health Programme for deafness
B91: The facility provides services as per State specific health programmes
A92: Standard A5 | B92: Facility provides support services | H92: =SUM(D93:D100) -> 16 | I92: =COUNT(D93:D100)*2 -> 16
A93: ME A5.1. | B93: The facility provides dietary services | C93: Availability of dietary service | D93: 2 | E93: SI/OB
A94: ME A5.2. | B94: The facility provides laundry services | C94: Availability of laundry services | D94: 2 | E94: SI/OB
A95: ME A5.3. | B95: The facility provides security services | C95: Availability of security services | D95: 2 | E95: SI/OB
A96: ME A5.4. | B96: The facility provides housekeeping services | C96: Availability of Housekeeping services | D96: 2 | E96: SI/OB
A97: ME A5.5. | B97: The facility ensures maintenance services | C97: Availability of maintenance services | D97: 2 | E97: SI/OB
A98: ME A5.6. | B98: The facility provides pharmacy services | C98: Availability of drug storage and dispensing services | D98: 2 | E98: SI/OB
A99: ME A5.7. | B99: The facility has services of medical record department | C99: Availability of Medical record services | D99: 2 | E99: SI/OB
A100: ME A5.8 | B100: The facility provides mortuary services | C100: Availability of mortuary services | D100: 2 | E100: SI/OB
A101: Standard A6 | B101: Health services provided at the facility are appropriate to community needs. | H101: =SUM(D102:D104) -> 6 | I101: =COUNT(D102:D104)*2 -> 6
A102: ME A 6.1. | B102: The facility provides curatives & preventive services for the health problems and diseases, prevalent locally. | C102: Availability of 300 indoor functional beds per ten lakh population | D102: 2 | E102: SI/RR
A103: ME A 6.2. | B103: There is process for consulting community/ or their representatives when planning or revising scope of services of the facility | C103: Community representative are Consulted while revising or expanding the scope of service | D103: 2 | E103: SI/RR
C104: User charges if any are decided in consultation with user groups /RKS | D104: 2 | E104: SI/RR
B105: Area of Concern - B Patient Rights | H105: =H106+H136+H160+H165+H179+H191 -> 172 | I105: =I106+I136+I160+I165+I179+I191 -> 172
...
